 Dungeon Crawl Stone Soup version 0.31.0-11-ge490571c62 (webtiles) character file.

Game seed: 1819513004919555390

21270503 Bnni the Grand Scion (level 27, 202/202 (224) HPs)
             Began as a Formicid Fighter on Feb 9, 2024.
             Was a High Priest of Hepliaklqana.
             Escaped with the Orb
             ... and 15 runes
             ... and 3 gems on Feb 11, 2024!
             The game lasted 06:17:55 (72535 turns).

Bnni the Grand Scion (Formicid Fighter)            Turns: 72535, Time: 06:17:55

HP:   202/202 (224) AC: 49    Str: 35    XL:     27
MP:   31/31         EV: 16    Int: 11    God:    Hepliaklqana [*****.]
Gold: 10567         SH: 27    Dex: 13    Spells: 28/46 levels left

rFire   + + +        y - +7 lajatang "Doam Ontu" {speed, rF+ Dex-3 SInv}
rCold   + + .        J - +5 Storm Queen's Shield {shock, Fly rElec}
rNeg    + + +        R - +8 crystal plate armour {rC+}
rPois   ∞            (helmet unavailable)
rElec   +            q - +3 cloak of Cocytus {rF++ Will+ MP-9 Int+3}
rCorr   +            Q - +1 pair of gloves of Faif {rPois Dex+3 Slay+3}
SInv    +            r - +0 pair of boots {rampage}
Will    ++++.        H - amulet of Vitality {RegenMP++ Regen++}
Stlth   +            k - +4 ring of slaying
HPRegen 2.13/turn    U - ring of resist corrosion
MPRegen 1.02/turn

%: rampage
@: death-form, flying, studying 4 skills, drained
A: vile attack, torment immunity, no potions, reduced essence, permanent stasis,
dig shafts and tunnels, antennae 3, four strong arms, large bone plates 1, sense
surroundings 1, inability to drink after injury 1
0: Orb of Zot
}: 15/15 runes: serpentine, barnacled, slimy, silver, golden, iron, obsidian,
icy, bone, abyssal, demonic, glowing, magical, fiery, dark
a: Dig, Shaft Self, Siphon Essence, Begin Untransformation, Renounce Religion,
Recall Ancestor, Ancestor Identity, Transference, Idealise


You escaped.
You worshipped Hepliaklqana.
Hepliaklqana was extremely pleased with you.
You were an undying horror.
You visited 17 branches of the dungeon, and saw 87 of its levels.
You visited Pandemonium 2 times, and saw 20 of its levels.
You visited the Abyss 5 times.
You also visited: Trove, Sewer, Ossuary, Gauntlet and Volcano.

You collected 16125 gold pieces.
You spent 5558 gold pieces at shops.

Inventory:

Hand Weapons
 c - a +9 heavy lajatang
 y - the +7 lajatang "Doam Ontu" (weapon) {speed, rF+ Dex-3 SInv}
   (You bought it in a shop on level 1 of the Vaults)

   Dex-3:     It affects your dexterity (-3).
   rF+:       It protects you from fire.
   SInv:      It lets you see invisible.
Missiles
 f - 14 atropa-tipped darts
 j - 2 datura-tipped darts
 p - 4 silver javelins
 z - 6 darts of dispersal
 E - 4 throwing nets
 M - 28 javelins
 N - 11 curare-tipped darts
 X - 15 boomerangs (quivered)
Armour
 q - the +3 cloak of Cocytus (worn) {rF++ Will+ MP-9 Int+3}
   (You found it on level 7 of Tartarus)

   Int+3:     It affects your intelligence (+3).
   rF++:      It greatly protects you from fire.
   Will+:     It increases your willpower.
   MP-9:      It affects your magic capacity (-9).
 r - a +0 pair of boots of rampaging (worn)
 J - the +5 Storm Queen's Shield (worn) {shock, Fly rElec}
   (You found it on level 5 of the Vaults)

   Shock:     When it blocks an attack, it may electrocute the attacker.
   This works even against foes who are a short distance away.
   rElec:     It insulates you from electricity.
   Fly:       It grants you flight.
 Q - the +1 pair of gloves of Faif (worn) {rPois Dex+3 Slay+3}
   (You found it in a Gauntlet)

   Dex+3:     It affects your dexterity (+3).
   Slay+3:    It affects your accuracy & damage with ranged weapons and melee
   (+3).
   rPois:     It protects you from poison
 R - a +8 crystal plate armour of cold resistance (worn)
 T - a +2 tower shield
Jewellery
 b - the ring "Apyan" {rElec rF+ rC+ Int-2}
   (You found it on level 7 of Tartarus)

   [ring of protection from cold]

   Int-2:     It affects your intelligence (-2).
   rF+:       It protects you from fire.
   rC+:       It protects you from cold.
   rElec:     It insulates you from electricity.
 k - a +4 ring of slaying (left hand)
 o - the ring of the Several Stories {rF+ Int-5 Dex+6 Slay+3 SInv}
   (You found it on level 7 of Tartarus)

   [ring of dexterity]

   Int-5:     It affects your intelligence (-5).
   Dex+6:     It affects your dexterity (+6).
   Slay+3:    It affects your accuracy & damage with ranged weapons and melee
   (+3).
   rF+:       It protects you from fire.
   SInv:      It lets you see invisible.
 w - the ring "Etsemof" {rElec rC+}
   (You found it in a treasure trove)

   [ring of protection from cold]

   rC+:       It protects you from cold.
   rElec:     It insulates you from electricity.
 C - the amulet "Paolup" {-Cast rElec rPois Regen+ rCorr}
   (You found it on level 5 of the Pits of Slime)

   [amulet of regeneration]

   rElec:     It insulates you from electricity.
   rPois:     It protects you from poison -Cast: It prevents spellcasting.
   Regen+:    It increases your rate of health regeneration.
   rCorr:     It protects you from acid and corrosion.
 H - the amulet of Vitality (around neck) {RegenMP++ Regen++}
   (You bought it in a shop on level 1 of the Elven Halls)

   [amulet of magic regeneration]

   RegenMP:   It increases your rate of magic regeneration.
   Regen++:   It increases your rate of health regeneration.
 U - a ring of resist corrosion (right hand)
Talismans
 Y - a talisman of death (active)
Wands
 n - a wand of flame (61)
 F - a wand of acid (53)
 I - a wand of roots (74)
 K - a wand of digging (28)
Scrolls
 h - 3 scrolls of butterflies
 l - 3 scrolls of silence
 t - a scroll of revelation
 u - 11 scrolls of poison
 x - 7 scrolls of vulnerability
 A - 11 scrolls of fog
 B - 4 scrolls of immolation
 D - 7 scrolls of fear
Potions
 a - 14 potions of enlightenment
 d - 7 potions of might
 g - 11 potions of heal wounds
 i - 34 potions of curing
 m - 5 potions of invisibility
 v - 10 potions of attraction
 G - 14 potions of mutation
 S - 4 potions of cancellation
 W - 7 potions of magic
Miscellaneous
 L - a figurine of a ziggurat
 O - a phantom mirror
 Z - a phial of floods


   Skills:
 O Level 27 Fighting
 - Level 14.0 Staves
 O Level 27 Throwing
 O Level 27 Armour
 * Level 21.1 Dodging
 + Level 26.5 Stealth
 O Level 27 Shields
 - Level 10.0 Spellcasting
 + Level 10.0 Translocations
 O Level 27 Invocations
 - Level 23.0 Shapeshifting


You had 28 spell levels left.
You knew the following spells:

 Your Spells              Type           Power      Damage    Failure   Level
a - Lesser Beckoning      Tloc           54%        N/A       1%          2
b - Dimensional Bullseye  Hex/Tloc       8%         N/A       56%         4
c - Manifold Assault      Tloc           27%        N/A       9%          4
d - Passage of Golubria   Tloc           27%        N/A       9%          4
w - Fugue of the Fallen   Necr           5%         N/A       85%         3
z - Apportation           Tloc           54%        N/A       1%          1

Your spell library contained the following spells:

 Spells                   Type           Power      Damage    Failure   Level
 Gell's Gravitas          Tloc           27%        N/A       2%          3
 Teleport Other           Tloc           27%        N/A       2%          3
 Momentum Strike          Conj/Tloc      32%        3d8       11%         2
 Foxfire                  Conj/Fire      20%        2x1d5     47%         1
 Kiss of Death            Conj/Necr      20%        2d7       47%         1
 Magic Dart               Conj           20%        1d4       47%         1
 Necrotise                Necr           20%        1d5       47%         1
 Sandblast                Erth           10%        2d5       47%         1
 Shock                    Conj/Air       20%        1d4       47%         1
 Slow                     Hex            20%        N/A       47%         1
 Sting                    Conj/Alch      20%        1d4       47%         1
 Iskenderun's Mystic Bla  Conj/Tloc      16%        2d5       56%         4
 Call Imp                 Summ           10%        N/A       63%         2
 Cigotuvi's Dreadful Rot  Necr/Alch/Air  10%        N/A       63%         2
 Ensorcelled Hibernation  Hex/Ice        10%        N/A       63%         2
 Jinxbite                 Hex            10%        N/A       63%         2
 Mercury Vapours          Alch/Air       10%        N/A       63%         2
 Scorch                   Fire           10%        2d5       63%         2
 Static Discharge         Conj/Air       10%        3-4/arc   63%         2
 Sublimation of Blood     Necr           5%         N/A       63%         2
 Dispersal                Tloc           13%        N/A       80%         6
 Call Canine Familiar     Summ           5%         N/A       85%         3
 Confusing Touch          Hex            5%         N/A       85%         3
 Dazzling Flash           Conj/Hex       10%        N/A       85%         3
 Frozen Ramparts          Ice            10%        1d2       85%         3
 Inner Flame              Hex/Fire       5%         N/A       85%         3
 Mephitic Cloud           Conj/Alch/Air  5%         N/A       85%         3
 Ozocubu's Armour         Ice            5%         N/A       85%         3
 Passwall                 Erth           5%         N/A       85%         3
 Sigil of Binding         Hex            5%         N/A       85%         3
 Stone Arrow              Conj/Erth      10%        3d7       85%         3
 Summon Ice Beast         Ice/Summ       5%         N/A       85%         3
 Tukima's Dance           Hex            5%         N/A       85%         3
 Vampiric Draining        Necr           5%         2d6       85%         3
 Summon Forest            Summ/Tloc      8%         N/A       88%         5
 Airstrike                Air            2%         2d(1-17)  99%         4
 Anguish                  Hex/Necr       2%         N/A       99%         4
 Animate Armour           Summ/Erth      10%        N/A       99%         4
 Brom's Barrelling Bould  Conj/Erth      5%         2d3       99%         4
 Cause Fear               Hex            2%         N/A       99%         4
 Dispel Undead            Necr           5%         3d7       99%         4
 Flame Wave               Conj/Fire      5%         2d5       99%         4
 Ignite Poison            Fire/Alch      5%         N/A       99%         4
 Leda's Liquefaction      Alch/Erth      2%         N/A       99%         4
 Martyr's Knell           Necr/Summ      5%         N/A       99%         4
 Olgreb's Toxic Radiance  Alch           5%         N/A       99%         4
 Petrify                  Alch/Erth      5%         N/A       99%         4
 Sticky Flame             Fire/Alch      5%         2d4       99%         4
 Summon Lightning Spire   Summ/Air       5%         N/A       99%         4
 Alistair's Intoxication  Alch           3%         N/A       100%        5
 Arcjolt                  Conj/Air       2%         1d12      100%        5
 Borgnjor's Vile Clutch   Necr/Erth      2%         N/A       100%        5
 Curse of Agony           Necr           5%         N/A       100%        5
 Fireball                 Conj/Fire      2%         3d4       100%        5
 Freezing Cloud           Conj/Ice/Air   2%         6-21      100%        5
 Irradiate                Conj/Alch      2%         3d12      100%        5
 Iskenderun's Battlesphe  Conj           5%         2d6       100%        5
 Lee's Rapid Deconstruct  Erth           2%         3d5*      100%        5
 Metabolic Englaciation   Hex/Ice        2%         N/A       100%        5
 Silence                  Hex/Air        2%         N/A       100%        5
 Summon Mana Viper        Hex/Summ       5%         N/A       100%        5
 Yara's Violent Unravell  Hex/Alch       2%         3d3       100%        5
 Bombard                  Conj/Erth      2%         9d1       100%        6
 Conjure Ball Lightning   Conj/Air       2%         3x3d6     100%        6
 Death Channel            Necr           2%         N/A       100%        6
 Eringya's Noxious Bog    Alch           2%         4d6       100%        6
 Plasma Beam              Fire/Air       2%         2x1d12    100%        6
 Sculpt Simulacrum        Ice/Alch       2%         N/A       100%        6
 Starburst                Conj/Fire      2%         6d3       100%        6
 Summon Cactus Giant      Summ           2%         N/A       100%        6
 Enfeeble                 Hex            2%         N/A       100%        7
 Haunt                    Necr/Summ      2%         N/A       100%        7
 Malign Gateway           Summ/Tloc      8%         N/A       100%        7
 Monstrous Menagerie      Summ           2%         N/A       100%        7
 Orb of Destruction       Conj           2%         9d5       100%        7
 Ozocubu's Refrigeration  Ice            2%         4d8       100%        7
 Spellforged Servitor     Conj/Summ      2%         N/A       100%        7
 Summon Hydra             Summ           2%         N/A       100%        7
 Borgnjor's Revivificati  Necr           2%         N/A       100%        8
 Discord                  Hex            2%         N/A       100%        8
 Disjunction              Tloc           13%        N/A       100%        8
 Ignition                 Fire           2%         3d3       100%        8
 Lehudib's Crystal Spear  Conj/Erth      2%         10d2      100%        8
 Maxwell's Capacitive Co  Air            2%         ∞         100%        8
 Summon Horrible Things   Summ           2%         N/A       100%        8
 Death's Door             Necr           2%         N/A       100%        9
 Dragon's Call            Summ           2%         N/A       100%        9
 Polar Vortex             Ice            2%         N/A       100%        9
 Blink                    Tloc           Unusable   N/A       N/A         2
 Vhi's Electric Charge    Tloc/Air       Unusable   N/A       N/A         4
 Swiftness                Air            Unusable   N/A       N/A         3

Dungeon Overview and Level Annotations

Branches:
Dungeon (15/15)            Temple (0/1) D:6            Lair (5/5) D:11
 Shoals (4/4) Lair:3        Snake (4/4) Lair:3        Slime (5/5) Lair:5
    Orc (2/2) D:12            Elf (3/3) Orc:2        Vaults (5/5) D:14
  Crypt (3/3) Vaults:2       Tomb (3/3) Crypt:3      Depths (4/4) D:15
   Hell (visited)             Dis (7/7) Hell            Geh (7/7) Hell
    Coc (7/7) Hell            Tar (7/7) Hell            Zot (5/5) Depths:4
  Sewer (visited)         Ossuary (visited)         Volcano (visited)
Gauntlet (visited)

Altars:
Ashenzari
Gozag
Hepliaklqana
Kikubaaqudgha
Okawaru
Qazlal
Uskayaw
Zin
Jiyva

Shops:
D:8 *   Orc:2 =*(!   Elf:1 ?(=   Shoals:2 (   Shoals:3 (**[:   Shoals:4 [
Snake:3 (=![   Snake:4 :==   Vaults:1 =:((   Vaults:3 (   Depths:1 *
Depths:2 (

Portals:
Hell: Depths:1 Depths:2 Depths:3 Depths:4
Abyss: Depths:2 Depths:3
Pandemonium: Orc:2 Depths:2
Ziggurat: Depths:1

Annotations:
Tar:2 36 runed translucent doors
Zot:3 1 transporter


Innate Abilities, Weirdness & Mutations

You are an undying horror.
Your melee and unarmed attacks drain, slow and weaken victims.
You are immune to unholy pain and torment.
You cannot drink.
You are immune to poison.
Your life essence is reduced to manifest your ancestor. (-10% HP)
You cannot be hasted, slowed, berserked, paralysed or teleported.
You can dig through walls and to a lower floor.
You have a pair of large antennae on your head. (SInv)
Your four strong arms can wield two-handed weapons with a shield.
You are partially covered in large bone plates. (SH +4)
You passively map a small area around you.
You occasionally lose the ability to drink potions when taking damage.


Message History

Press: ? - help, Shift-Dir - straight line A rock wall.
This square is covered in magical glow.
The rock shatters into small pieces.
The soul eater hits Stabby McGee!
There is an open door here.
A toenail golem comes into view.
There is a staircase leading out of the dungeon here.
You drop the +6 sword of Cerebov {flame}.
Press: ? - help, v - describe, . - travel, g - get item Item here: the +6 sword of Cerebov {flame}.
A staircase leading out of the dungeon.
This square is covered in magical glow.
Press: ? - help, v - describe, . - travel
Here: a toenail golem The floor.
Throw: 15 boomerangs
Press: ? - help, Q - select action, (/) - cycle Shift-Dir - straight line, f - toenail golem
Aim: a toenail golem (88% to hit)
You throw a boomerang. The boomerang hits the toenail golem!!
The toenail golem is heavily damaged.
Unknown command.
Throw: 15 boomerangs
Press: ? - help, Q - select action, (/) - cycle Shift-Dir - straight line, f/p - toenail golem
Aim: a toenail golem (heavily damaged, 88% to hit)
You throw a boomerang.
The boomerang barely misses the toenail golem.
Unknown command.
Throw: 15 boomerangs
Press: ? - help, Q - select action, (/) - cycle Shift-Dir - straight line, f/p - toenail golem
Aim: a toenail golem (heavily damaged, ally target, 88% to hit)
You throw a boomerang. The boomerang hits the toenail golem!
The toenail golem is severely damaged.
The toenail golem barely misses you.
You cut the toenail golem into ribbons!!!
You destroy the toenail golem!
Unknown command.
Stabby McGee gestures wildly while chanting.
The soul eater appears confused.
You have escaped!

##
###'###.#..........#
#.....#.#..........#
#.....#.#..........#
#.....#.#........###
#.###.#.#........#..
#3#.#.#.#........#..
#R###.#.#).......'..
#.....#...)......#..
#..z..###.########..
#.....# #..# ###
##########.## ##.#
#.........#####..#
#.................
#........#........
#........#........
#........#.###..##
#........#...#.##


You could see the friendly Stabby McGee the hexer and a soul eater (confused,
ally target).

Vanquished Creatures
  Cerebov (Pan)
  Antaeus (Coc:7)
  the Royal Jelly (Slime:5)
  Asmodeus (Geh:7)
  the Serpent of Hell (Dis:7)
  A seraph (Pan)
  Mnoleg (Pan)
  Lom Lobon (Pan)
  8 dread liches
  4 orbs of fire (Zot:5)
  2 ancient liches (Dis:2)
  Khufu (Crypt:3)
  2 juggernauts
  22 royal mummies
  Xtahua (Depths:4)
  Boris (Vaults:5)
  18 shard shrikes
  Vashnia (Snake:2)
  16 caustic shrikes
  Geryon (Hell)
  10 profane servitors
  6 pandemonium lords (Pan)
  21 bone dragons
  3 golden dragons
  8 doom hounds
  11 Brimstone Fiends
  11 iron giants
  15 Tzitzimimeh
  5 hellephants
  The ghost of ripuliukko the Eclecticist, an adept GrEE of Vehumet (Elf:3)
  A spectral shard shrike (Tar:2)
  An electric golem (Zot:5)
  17 Hell Sentinels
  11 tentacled monstrosities
  A shard shrike zombie (Tar:7)
  21 Ice Fiends
  15 tainted leviathans
  2 liches
  16 Orb Guardians
  A shard shrike skeleton (Tar:7)
  13 searing wretches
  2 deep elf blademasters (Elf:3)
  2 deep elf master archers (Elf:3)
  17 acid blobs
  7 titans
  4 quicksilver dragons
  Polyphemus (Shoals:2)
  10 sphinxes
  3 death cobs
  Kirke (Shoals:1)
  11 Executioners
  11 tentacled starspawn (Abyss:3)
  30 ancient champions
  2 revenants
  4 shadow dragons (Vaults:5)
  Donald (Vaults:1)
  2 tengu reavers
  4 fenstrider witches (Pan)
  3 protean progenitors (Pan)
  2 draconian monks
  4 storm dragons
  19 fire giants
  15 narguns
  9 rockslimes
  11 daevas (Pan)
  3 demonspawn warmongers (Pan)
  12 azure jellies
  5 nagarajas
  5 deep elf sorcerers
  4 iron dragons
  5 draconian scorchers
  3 draconian shifters
  8 frost giants
  9 quicksilver elementals
  29 balrugs
  A draconian stormcaller (Zot:2)
  2 juggernaut zombies
  2 deep elf elementalists (Elf:3)
  7 shard shrike simulacra
  14 vault wardens
  2 caustic shrike zombies (Tar:7)
  11 cacodemons (Pan)
  16 ghouls
  3 juggernaut skeletons (Pan)
  A curse skull (Pan)
  4 reapers
  22 angels
  3 spriggan defenders
  5 draconian annihilators
  8 demonspawn corrupters (Pan)
  12 ironbound preservers
  10 quicksilver oozes
  10 demonspawn blood saints (Pan)
  16 very ugly things
  6 bennus
  10 ophanim (Pan)
  23 apis (Pan)
  11 ironbound thunderhulks
  4 caustic shrike skeletons
  2 starflowers (Abyss:4)
  5 formless jellyfish
  3 deep elf death magi
  10 stone giants
  6 vampire knights
  7 deep elf annihilators
  20 elemental wellsprings
  3 green draconians
  4 demonspawn black suns (Pan)
  20 putrid mouths
  5 black draconians
  8 lorocyprocas
  5 red draconians
  6 deep elf demonologists
  10 wendigos
  2 purple draconians
  8 dire elephants
  5 white draconians
  A minotaur (Gauntlet)
  2 bunyips (Abyss:3)
  18 war gargoyles
  7 spark wasps
  5 blizzard demons
  3 merfolk javelineers
  6 ettins
  9 eidola
  17 iron golems
  19 jiangshi
  8 green deaths
  A quicksilver dragon zombie (Tomb:3)
  21 mummy priests
  A crystal guardian (Vaults:3)
  2 spectral spriggans (Tar:1)
  10 yaktaur captains
  4 fire dragons
  8 merfolk impalers
  9 great orbs of eyes
  2 spriggan zombies
  2 hydras
  6 deep elf high priests
  10 ice dragons
  A spectral shadow dragon (Crypt:3)
  23 vault guards
  2 peacekeepers
  2 jorogumos (Pan)
  9 rakshasas
  2 merfolk avatars (Shoals:2)
  6 ironbound frosthearts
  11 salamander tyrants
  4 catoblepae
  2 hell beasts (Pan)
  2 ogre magi (Vaults:5)
  2 spriggan air magi
  4 juggernaut simulacra
  7 death knights
  4 anacondas
  23 centaur warriors
  A satyr (Shoals:1)
  A satyr (shapeshifter) (Vaults:5)
  8 stokers
  2 alligator snapping turtles (Shoals:4)
  5 merfolk aquamancers
  8 spriggan skeletons
  20 hell hogs
  3 boulder beetles
  4 orc high priests (Orc:2)
  5 caustic shrike simulacra
  A demonspawn (Orc:2)
  18 naga warriors
  4 two-headed ogres
  3 deep troll shamans (Depths:3)
  15 thrashing horrors
  32 dancing weapons
  14 death yaks
  A two-headed ogre (shapeshifter) (Vaults:5)
  107 death scarabs
  6 deep troll earth magi
  4 vampire magi
  7 tengu warriors
  Urug (Lair:1)
  13 naga sharpshooters
  4 spriggan berserkers
  4 hell knights
  6 demonic crawlers
  2 shock serpents (shapeshifter)
  A spectral naga (Tar:3)
  An emperor scorpion zombie (Crypt:1)
  34 soul eaters
  A spectral dire elephant (Tar:1)
  2 shock serpents
  19 deep elf knights
  3 skysharks
  28 sun demons
  6 wretched stars (Abyss:3)
  6 crystal echidnas
  35 deep trolls
  10 sea snakes
  8 sixfirhies (Pan)
  2 spectral death yaks (Lair:5)
  25 shadow wraiths
  3 spatial maelstroms (Abyss:3)
  A spectral bunyip (Tar:1)
  A death drake (Abyss:3)
  7 glowing orange brains
  7 iron trolls
  4 quicksilver dragon simulacra
  7 salamander mystics
  7 shadow demons (Pan)
  A swamp dragon (shapeshifter) (D:15)
  10 flayed ghosts
  A spectral anaconda (Lair:5)
  A sun moth (shapeshifter) (Vaults:5)
  3 anaconda zombies (Tar:7)
  3 mana vipers
  2 glowing orange brains (shapeshifter)
  46 skeletal warriors
  15 cherubim (Pan)
  7 arcanists
  4 naga ritualists (Snake:4)
  2 obsidian statues
  Pikel (D:9)
  7 phantasmal warriors
  10 lindwurms
  5 orc knights
  17 deep elf archers
  4 spriggan simulacra
  A harpy (shapeshifter) (Abyss:3)
  A fenstrider witch simulacrum (Coc:1)
  5 orange crystal statues
  A wolf spider zombie (Crypt:1)
  10 harpies
  15 ironbound convokers
  An iron dragon zombie (Hell)
  24 deep elf pyromancers
  20 deep elf zephyrmancers
  5 orc sorcerers
  3 cyclopes
  11 necromancers
  14 fauns
  6 shining eyes
  An oklob plant (Tar:5)
  35 ugly things
  11 manticores
  A tengu skeleton (Depths:3)
  3 meliai (D:15)
  7 worldbinders (Abyss:3)
  A will-o-the-wisp (Abyss:3)
  10 salamanders
  4 rust devils
  A stone giant skeleton (Tomb:3)
  14 elephants
  A toenail golem (D:1)
  18 vault sentinels
  5 merfolk sirens
  An apocalypse crab (Abyss:3)
  11 molten gargoyles
  5 moths of wrath
  17 black mambas
  6 water nymphs
  3 titan simulacra
  5 guardian serpents
  An ice statue (Hell)
  74 slime creatures
  2 iron dragon skeletons
  2 gargoyles (D:11)
  12 naga magi
  2 fire giant skeletons (Vaults:4)
  A centaur zombie (Hell)
  31 smoke demons
  36 large abominations
  9 cane toads
  21 hellions
  12 orange demons
  A torpor snail (Lair:1)
  3 centaur skeletons
  2 storm dragon simulacra
  A rime drake (Lair:2)
  5 efreet
  4 anaconda simulacra
  26 yaktaurs
  3 sea snake zombies (Hell)
  4 tengu conjurers
  An unseen horror zombie (Crypt:2)
  20 tormentors
  An unseen horror (D:13)
  5 ice devils
  11 komodo dragons
  7 ancient zymes (Abyss:3)
  37 guardian mummies
  14 freezing wraiths
  3 spectral harpies
  3 trolls (shapeshifter)
  4 iron giant simulacra
  A harpy zombie (Crypt:1)
  A queen bee (Snake:4)
  2 trolls (D:13)
  2 tyrant leeches (Pan)
  3 red devils
  2 golden dragon simulacra
  25 merfolk
  3 polar bears
  32 starcursed masses
  A hydra skeleton (Hell)
  10 hornets
  10 raiju
  10 hellwings
  6 snapping turtles
  3 tarantellas (Pan)
  3 harpy skeletons
  10 blink frogs
  5 wind drakes
  6 dream sheep
  A stone giant simulacrum (Abyss:3)
  An ettin skeleton (Crypt:1)
  2 shadows
  2 air elementals
  4 spriggans
  Sigmund (D:3)
  A spectral black mamba (Gauntlet)
  20 ynoxinuls
  3 centaur simulacra
  8 water elementals
  9 ushabtiu
  An ice dragon skeleton (Crypt:2)
  8 wyverns
  7 dire elephant simulacra
  2 fire bats
  A steam dragon (D:8)
  14 wraiths
  A slime creature zombie (Crypt:2)
  2 wargs (Orc:2)
  3 basilisks
  2 fire elementals
  2 hogs (Shoals:1)
  Eustachio (D:5)
  12 golden eyes
  3 humans (D:14)
  17 neqoxecs
  59 yaks
  A sea snake simulacrum (Hell)
  7 vampire mosquitoes
  16 chaos spawn
  Menkaure (D:5)
  2 spectral cane toads (Lair:5)
  3 spatial vortices (Abyss:3)
  13 harpy simulacra
  32 nagas
  A hydra simulacrum (Coc:7)
  9 hell hounds
  8 water moccasins
  An ice beast (D:5)
  A sky beast (D:7)
  2 black bears
  24 orc warriors
  An elf simulacrum (Vaults:4)
  2 ettin simulacra
  25 laughing skulls
  A crocodile (Sewer)
  A boggart (D:4)
  A dream sheep zombie (Crypt:2)
  13 small abominations
  4 wolves (Lair:2)
  3 ogres (Orc:2)
  11 centaurs
  A lemure (D:9)
  3 kobold brigands
  4 elephant skeletons (Lair:5)
  4 weeping skulls
  4 brain worms
  3 gnoll sergeants
  A brain worm (shapeshifter) (Elf:3)
  A yaktaur zombie (Crypt:1)
  2 scorpions
  4 necrophages
  5 bullfrogs
  A human simulacrum (Vaults:4)
  5 naga simulacra
  2 cane toad simulacra (Lair:5)
  An earth elemental (Abyss:5)
  A human skeleton (Vaults:4)
  9 wights
  2 hexers
  5 burial acolytes
  A swamp dragon simulacrum (Crypt:1)
  2 killer bees (Abyss:3)
  An electric eel (Lair:4)
  7 howler monkeys
  2 lava snakes (Volcano)
  2 bombardier beetles
  5 jellies (Lair:5)
  Crazy Yiuf (D:3)
  2 gnoll boudas (D:7)
  5 hounds
  3 iron imps (Abyss:3)
  14 orc priests
  6 iguanas
  13 orc wizards
  4 hell rats (Hell)
  An ogre skeleton (Crypt:1)
  32 mummies
  23 gnolls
  11 adders
  8 river rats
  A steam dragon zombie (Crypt:1)
  A shadow imp (D:5)
  3 white imps
  7 ufetubi
  2 dart slugs (D:4)
  2 ribbon worms
  53 orcs
  6 ball pythons
  2 bats
  5 endoplasms
  6 giant cockroaches
  9 goblins
  4 hobgoblins
  16 jackals
  3 quokkas
  2 frilled lizards
  11 gnoll skeletons (Ossuary)
  15 kobolds
  4 kobold skeletons (Ossuary)
  5 orc skeletons (Ossuary)
  A quokka skeleton (Crypt:1)
  6 rats
  A river rat skeleton (Crypt:2)
  2 aspiring fleshes (Pan)
  4 creeping infernos
  5 fire vortices (Geh:4)
  A lurking horror (Abyss:5)
  9 starspawn tentacles (Abyss:3)
3323 creatures vanquished.

Vanquished Creatures (collateral kills)
  Ereshkigal (Tar:7)
  Gloorx Vloq (Pan)
  2 dread liches
  Dispater (Dis:7)
  3 ancient liches
  2 juggernauts (Dis:7)
  4 royal mummies
  Bai Suzhen (Shoals:4)
  Boris (Elf:3)
  2 Killer Klowns (Zot:5)
  A pandemonium lord (Pan)
  3 shard shrikes (Coc:6)
  8 caustic shrikes
  Nikola (Elf:3)
  2 pearl dragons (Pan)
  A golden dragon (Zot:1)
  6 bone dragons
  3 profane servitors
  4 doom hounds
  6 Brimstone Fiends
  3 hellephants
  7 Tzitzimimeh
  5 Hell Sentinels
  An iron giant (Dis:7)
  4 Ice Fiends
  2 tentacled monstrosities
  5 Orb Guardians (Zot:5)
  3 titans
  4 tainted leviathans
  5 searing wretches
  5 liches
  A deep elf blademaster (Elf:3)
  2 acid blobs
  A quicksilver dragon (D:14)
  3 sphinxes
  A walking frostbound tome (Depths:3)
  4 Executioners
  Murray (Hell)
  5 ancient champions
  3 tentacled starspawn (Abyss:3)
  A tengu reaver (Vaults:3)
  A storm dragon (Depths:4)
  2 rockslimes
  A demonspawn warmonger (Pan)
  A protean progenitor (Pan)
  2 narguns (Depths:2)
  2 nagarajas (Snake:4)
  5 daevas (Pan)
  Roxanne (Snake:1)
  A draconian scorcher (Geh:6)
  An azure jelly (Slime:4)
  A revenant (Hell)
  2 iron dragons
  3 fire giants
  A deep elf sorcerer (Elf:3)
  A draconian shifter (Zot:4)
  14 balrugs
  3 quicksilver elementals
  2 shard shrike simulacra (Coc:7)
  3 deep elf elementalists (Elf:3)
  A spectral caustic shrike (Tar:1)
  A cacodemon (Pan)
  A juggernaut zombie (Tomb:2)
  2 reapers
  3 angels (Pan)
  5 ghouls
  An ironbound preserver (Vaults:1)
  2 quicksilver oozes
  7 very ugly things
  2 spriggan defenders
  5 stone giants
  A caustic shrike skeleton (Pan)
  2 lorocyprocas (Pan)
  4 elemental wellsprings
  2 ophanim (Pan)
  An ironbound thunderhulk (Vaults:2)
  3 apis (Pan)
  4 putrid mouths
  A deep elf demonologist (Elf:1)
  3 deep elf death magi (Elf:3)
  A black draconian (Depths:4)
  A wendigo (Coc:3)
  2 yellow draconians (Zot:4)
  3 dire elephants
  A white draconian (Zot:4)
  A red draconian (Depths:4)
  4 spark wasps
  4 deep elf annihilators
  4 green deaths
  4 war gargoyles
  5 iron golems
  3 blizzard demons
  4 eidola
  4 mummy priests
  Josephine (D:12)
  3 merfolk impalers
  A merfolk javelineer (Shoals:4)
  2 deep elf high priests (Elf:3)
  An ettin (Vaults:5)
  5 great orbs of eyes
  2 jiangshi
  3 yaktaur captains
  2 spectral spriggans
  A hell beast (Pan)
  3 ice dragons
  3 hydras
  A spectral shadow dragon (Tar:1)
  4 salamander tyrants
  An ogre mage (Vaults:3)
  A merfolk avatar (Shoals:1)
  3 rakshasas
  6 vault guards
  2 peacekeepers (Vaults:3)
  4 death knights
  A centaur warrior (D:14)
  An ironbound frostheart (Vaults:4)
  A juggernaut simulacrum (Coc:7)
  A two-headed ogre (D:10)
  2 satyrs
  A demonspawn (Orc:2)
  7 naga warriors
  A merfolk aquamancer (Shoals:4)
  A boulder beetle (Vaults:3)
  12 dancing weapons
  2 death yaks
  A deep troll earth mage (Depths:3)
  A vampire mage (Crypt:2)
  7 hell hogs
  11 death scarabs
  A spectral naga (Tar:1)
  2 orc high priests (Orc:2)
  A titan zombie (Hell)
  5 naga sharpshooters
  A demonic crawler (Pan)
  An occultist (Depths:3)
  A spriggan berserker (Depths:3)
  5 deep elf knights
  2 shock serpents
  A thrashing horror (Abyss:3)
  6 soul eaters
  7 sun demons
  2 crystal echidnas (Dis:7)
  A hellephant skeleton (Pan)
  A titan skeleton (Crypt:2)
  2 shadow wraiths
  A salamander mystic (Snake:3)
  10 skeletal warriors
  A spectral death yak (Lair:5)
  4 sixfirhies
  2 anaconda zombies
  4 iron trolls
  2 sea snakes
  A spatial maelstrom (Abyss:3)
  2 cherubim (Pan)
  An iron giant skeleton (Abyss:3)
  A naga ritualist (Snake:3)
  4 deep trolls
  A quicksilver dragon simulacrum (Coc:2)
  3 shadow demons (Pan)
  A lindwurm (Vaults:1)
  3 flayed ghosts
  4 deep elf archers
  2 glowing orange brains
  A necromancer (Crypt:2)
  A harpy (Shoals:2)
  An orc knight (Orc:2)
  2 deep elf zephyrmancers (Elf:2)
  4 salamanders
  5 deep elf pyromancers
  2 orc sorcerers (Orc:2)
  An ironbound convoker (Vaults:5)
  10 ugly things
  2 cyclopes
  10 fauns
  8 large abominations (Abyss:3)
  A manticore (Shoals:1)
  A shining eye (Slime:5)
  3 moths of wrath (Zot:5)
  3 elephants
  4 water nymphs
  An eye of devastation (Slime:5)
  A rust devil (Hell)
  3 vault sentinels
  8 black mambas
  4 orange demons
  3 naga magi
  5 molten gargoyles
  2 merfolk sirens
  5 smoke demons
  5 hellions
  A gargoyle (D:14)
  8 yaktaurs
  An unseen horror (D:11)
  2 komodo dragons
  A tengu conjurer (Gauntlet)
  5 freezing wraiths
  4 tormentors
  The ghost of Trobe the Digger, a novice GrEE (D:5)
  5 guardian mummies
  A grey draconian skeleton (Crypt:1)
  A hydra zombie (Hell)
  An anaconda simulacrum (Coc:7)
  A sea snake skeleton (Hell)
  A red devil (Hell)
  2 wind drakes
  4 ice devils (Hell)
  5 hellwings
  8 merfolk
  A spectral harpy (Tar:6)
  A glass eye (Depths:2)
  8 dream sheep
  4 hornets (Abyss:3)
  A jumping spider zombie (Crypt:2)
  2 raiju (Abyss:3)
  2 snapping turtles
  3 blink frogs
  A stone giant simulacrum (Abyss:3)
  A fire giant simulacrum (Depths:2)
  20 slime creatures
  2 centaur simulacra
  A small abomination (Abyss:3)
  7 water elementals
  A human (D:14)
  3 dire elephant simulacra
  12 yaks
  5 wraiths
  2 ynoxinuls
  9 golden eyes
  6 ushabtiu
  2 fire bats
  A wyvern (Lair:4)
  A neqoxec (Abyss:3)
  5 spatial vortices (Abyss:3)
  2 harpy simulacra
  6 chaos spawn (Pan)
  7 nagas
  3 water moccasins
  4 hell hounds (Hell)
  A black bear (shapeshifter) (Elf:3)
  7 orc warriors
  A sky beast (Abyss:3)
  5 laughing skulls
  3 ettin simulacra
  A torpor snail zombie (Crypt:2)
  An ogre (D:7)
  2 wolves (Lair:2)
  2 centaurs
  A weeping skull (Crypt:3)
  A komodo dragon zombie (Crypt:2)
  2 bullfrogs
  A necrophage (Crypt:3)
  A wight (D:8)
  2 lava snakes (Volcano)
  8 orc priests (Orc:2)
  6 starcursed masses (Abyss:3)
  2 orc wizards
  A sky beast zombie (Crypt:1)
  A naga zombie (Crypt:2)
  A brain worm zombie (Crypt:1)
  6 mummies
  2 gnolls
  2 white imps (Abyss:3)
  2 ufetubi (Abyss:3)
  13 orcs
  A kobold (D:9)
  A frilled lizard (Sewer)
  2 aspiring fleshes (Pan)
  A creeping inferno (Geh:5)
  6 fire vortices
  2 starspawn tentacles (Abyss:3)
802 creatures vanquished.

Vanquished Creatures (others)
  An iron giant (Dis:5)
  An Ice Fiend (Coc:6)
  A titan (Coc:7)
  A quicksilver elemental (Dis:5)
  A shard shrike simulacrum (Coc:7)
  A war gargoyle (Dis:4)
  A juggernaut simulacrum (Coc:7)
  2 caustic shrike simulacra
  A death yak (Lair:5)
  2 deep elf knights
  A sixfirhy (Pan)
  A salamander mystic (Snake:4)
  A quicksilver dragon simulacrum (Coc:7)
  3 spriggan simulacra (Coc:7)
  A deep elf zephyrmancer (Elf:2)
  A salamander (Snake:4)
  An eye of devastation (Slime:5)
  A smoke demon (Pan)
  An iron giant simulacrum (Coc:6)
  An ice devil (Pan)
  A hellwing (Pan)
  A merfolk (Shoals:1)
  A hornet (Abyss:3)
  2 iron dragon simulacra
  A dire elephant simulacrum (Coc:7)
  3 humans (Shoals:1)
  A neqoxec (Pan)
  4 harpy simulacra
  2 ettin simulacra
  A centaur (Shoals:1)
  A bullfrog (Lair:1)
  A salamander zombie (Snake:4)
  A naga simulacrum (Coc:7)
  A lava snake (Volcano)
  55 hexers
  A kobold (D:3)
  2 orc zombies (Orc:2)
  6 ball lightnings (Pan)
  A creeping inferno (Geh:4)
  A fire vortex (Geh:4)
  3 foxfires (Abyss:3)
  A lurking horror (Abyss:3)
  25 starspawn tentacles (Abyss:3)
140 creatures vanquished.

Grand Total: 4265 creatures vanquished

Notes
Turn   | Place    | Note
-------+----------+-------------------------------------------
     0 | D:1      | Bnni the Formicid Fighter began the quest for the Orb.
     0 | D:1      | Reached XP level 1. HP: 18/18 MP: 1/1
    61 | D:1      | Reached XP level 2. HP: 15/24 MP: 2/2
   237 | D:1      | Reached XP level 3. HP: 30/30 MP: 3/3
  1011 | D:2      | Reached XP level 4. HP: 32/37 MP: 4/4
  1088 | D:2      | Identified the +2 leather armour "Maexan" {rElec Will-
                  | Regen+ Slay+2}
  1350 | D:2      | Found a hazy altar of Hepliaklqana.
  1357 | D:2      | Became a worshipper of Hepliaklqana the Forgotten
  1463 | D:3      | Noticed Sigmund
  1481 | D:3      | Killed Sigmund
  1482 | D:3      | Reached XP level 5. HP: 42/43 MP: 4/6
  1482 | D:3      | Reached XP level 6. HP: 48/49 MP: 4/7
  1555 | D:3      | Found a hide-covered altar of Uskayaw.
  1862 | D:3      | Found a runed translucent door.
  1863 | D:3      | Noticed Crazy Yiuf
  1879 | D:3      | Killed Crazy Yiuf
  1880 | D:3      | Reached skill level 5 in Staves
  1943 | D:3      | Reached skill level 5 in Fighting
  1946 | D:3      | Reached XP level 7. HP: 56/56 MP: 9/9
  2012 | D:4      | Found a sand-covered staircase.
  2021 | Ossuary  | Entered an ossuary
  2448 | D:4      | Reached * piety under Hepliaklqana
  2844 | D:5      | Entered Level 5 of the Dungeon
  2852 | D:5      | Noticed Eustachio
  2862 | D:5      | Reached XP level 8. HP: 56/56 MP: 11/11
  2873 | D:5      | Killed Eustachio
  2960 | D:5      | Noticed Menkaure
  2966 | D:5      | Killed Menkaure
  3004 | D:5      | Found a glowing drain.
  3009 | Sewer    | Entered a sewer
  3022 | Sewer    | Reached skill level 5 in Invocations
  3357 | Sewer    | Reached XP level 9. HP: 62/63 MP: 10/13
  4134 | D:5      | Reached ** piety under Hepliaklqana
  4135 | D:5      | Remembered your ancestor Stabby McGee as a hexer
  4411 | D:5      | Found a runed translucent door.
  4412 | D:5      | Noticed Trobe's ghost (novice GrEE)
  4422 | D:5      | Killed Trobe's ghost
  4591 | D:6      | Found a staircase to the Ecumenical Temple.
  5512 | D:7      | Reached XP level 10. HP: 60/72 MP: 15/15
  5661 | D:7      | Reached skill level 10 in Staves
  5699 | D:7      | Found a glowing silver altar of Zin.
  5699 | D:7      | Found an ancient bone altar of Kikubaaqudgha.
  5699 | D:7      | Found an opulent altar of Gozag.
  6123 | D:8      | Reached *** piety under Hepliaklqana
  6173 | D:8      | Found Toryafibbu's General Store.
  6202 | D:8      | Bought a ring of poison resistance for 220 gold pieces
  6490 | D:9      | Noticed Pikel
  6497 | D:9      | Killed Pikel
  6982 | D:9      | Reached **** piety under Hepliaklqana
  6996 | D:9      | Reached XP level 11. HP: 65/80 MP: 17/17
  7416 | D:10     | Entered Level 10 of the Dungeon
  7624 | D:10     | Identified the +4 long sword of Wyrd {drain, Will- Dex+3
                  | SInv}
  7658 | D:10     | Noticed a two-headed ogre
  7666 | D:10     | Killed a two-headed ogre
  7667 | D:10     | Reached skill level 5 in Shields
  8134 | D:11     | Noticed a death yak
  8151 | D:11     | Killed a death yak
  8152 | D:11     | Reached skill level 10 in Fighting
  8161 | D:11     | Found a gate leading to a gauntlet.
  8163 | D:11     | Found a staircase to the Lair.
  8167 | D:11     | Noticed a death yak
  8167 | D:11     | Noticed a death yak
  8168 | D:11     | Noticed a death yak
  8168 | D:11     | Noticed a death yak
  8168 | D:11     | Noticed a death yak
  8169 | D:11     | Noticed a death yak
  8173 | Gauntlet | Entered a Gauntlet
  8173 | Gauntlet | Found a transporter.
  8173 | Gauntlet | Found a transporter.
  8184 | Gauntlet | Noticed a tengu warrior
  8193 | Gauntlet | Found a transporter.
  8198 | Gauntlet | Found a transporter.
  8202 | Gauntlet | Noticed an arcanist
  8206 | Gauntlet | Found a transporter.
  8210 | Gauntlet | Found a transporter.
  8219 | Gauntlet | Found a transporter.
  8219 | Gauntlet | Noticed a quicksilver ooze
  8232 | Gauntlet | Found a runed translucent door.
  8235 | Gauntlet | Found a transporter.
  8237 | Gauntlet | Found a runed translucent door.
  8238 | Gauntlet | Noticed an obsidian statue
  8249 | Gauntlet | Found a transporter.
  8253 | Gauntlet | Found a transporter.
  8258 | Gauntlet | Noticed a death scarab
  8264 | Gauntlet | Found a transporter.
  8265 | Gauntlet | Found a transporter.
  8270 | Gauntlet | Noticed a fire crab
  8318 | Gauntlet | Killed a tengu warrior
  8319 | Gauntlet | Reached skill level 10 in Invocations
  8368 | Gauntlet | Killed a death scarab
  8438 | Gauntlet | Identified the +1 pair of gloves of Faif {rPois Dex+3
                  | Slay+3}
  8515 | Gauntlet | Noticed a minotaur
  8524 | Gauntlet | Killed a minotaur
  8525 | Gauntlet | Reached XP level 12. HP: 54/87 MP: 19/19
  8532 | Gauntlet | Got the Parchment of Clay and Topology
  8532 | Gauntlet | Got the Almanac of the Voyage and Amathomancy
  8558 | D:11     | Killed a death yak
  8564 | D:11     | Killed a death yak
  8571 | D:11     | Killed a death yak
  8589 | D:10     | Killed a death yak
  8597 | D:11     | Killed a death yak
  8607 | D:11     | Killed a death yak
  8688 | D:11     | Reached skill level 10 in Shields
  8975 | D:11     | Noticed a two-headed ogre
  8980 | D:11     | Killed a two-headed ogre
  9658 | D:12     | Noticed Josephine
  9683 | D:12     | Killed Josephine
  9684 | D:12     | Reached XP level 13. HP: 84/91 MP: 19/21
  9786 | D:12     | Found a staircase to the Orcish Mines.
  9820 | D:12     | Found a portal to a secret trove of treasure.
 10087 | D:13     | Reached ***** piety under Hepliaklqana
 10375 | D:13     | Noticed a catoblepas
 10394 | D:13     | Killed a catoblepas
 10519 | D:13     | Noticed a centaur warrior
 10530 | D:13     | Killed a centaur warrior
 10531 | D:13     | Reached skill level 1 in Throwing
 10736 | D:14     | Reached skill level 1 in Dodging
 10862 | D:14     | Noticed a centaur warrior
 10872 | D:14     | Killed a centaur warrior
 10909 | D:14     | Noticed a centaur warrior
 10927 | D:14     | Killed a centaur warrior
 11141 | D:14     | Reached XP level 14. HP: 102/102 MP: 23/23
 11388 | D:14     | Noticed Jorgrun
 11395 | D:14     | Jorgrun changed into Jorgrun the quicksilver dragon
 11395 | D:14     | Noticed Jorgrun
 11396 | D:14     | Killed Jorgrun the quicksilver dragon
 11451 | D:14     | Noticed a frost giant
 11466 | D:14     | Reached skill level 5 in Armour
 11471 | D:14     | Killed a frost giant
 11504 | D:14     | Reached skill level 5 in Throwing
 11512 | D:14     | Identified the ring of Bodily Harmony {Ice Dex+3}
 11946 | D:14     | Found a gate to the Vaults.
 12220 | Lair:1   | Entered Level 1 of the Lair of Beasts
 12254 | Lair:1   | Noticed Urug
 12295 | Lair:1   | Killed Urug
 12598 | Lair:1   | Reached XP level 15. HP: 109/109 MP: 25/25
 13298 | Lair:2   | Identified the +13 chain mail "Ukkozops" {rC+ Will+ Dex+4}
 13542 | Lair:2   | Identified the +0 arbalest of Ashenzari's Regard {drain,
                  | rElec Str+3}
 13732 | Lair:2   | Reached skill level 15 in Shields
 13999 | Lair:3   | Found a staircase to the Shoals.
 14344 | Lair:3   | Found a staircase to the Snake Pit.
 14977 | Lair:4   | Found a dark tunnel.
 15035 | Volcano  | Entered a volcano
 15153 | Volcano  | Found a bloodstained altar of Trog.
 15495 | Lair:4   | Reached ****** piety under Hepliaklqana
 15550 | Lair:4   | Reached skill level 5 in Dodging
 16352 | Lair:5   | Entered Level 5 of the Lair of Beasts
 16387 | Lair:5   | Reached XP level 16. HP: 99/117 MP: 26/26
 16676 | Lair:5   | Found a viscous altar of Jiyva.
 16676 | Lair:5   | Found a staircase to the Slime Pits.
 17141 | Lair:5   | Reached skill level 10 in Throwing
 17198 | Lair:5   | Got Kikubaaqudgha's Omnibus of Rot
 17653 | Orc:1    | Entered Level 1 of the Orcish Mines
 17782 | Orc:2    | Entered Level 2 of the Orcish Mines
 17888 | Orc:2    | Found a staircase to the Elven Halls.
 18003 | Orc:2    | Found Cezih's General Store.
 18014 | Orc:2    | Found Nachoeluck's Distillery.
 18135 | Orc:2    | Bought a potion of degeneration for 17 gold pieces
 18414 | Orc:2    | Found Veri Tuyr's Jewellery Shop.
 18414 | Orc:2    | Found Wiaghun's Antique Weapon Boutique.
 18415 | Orc:2    | Found a one-way gate leading to the halls of Pandemonium.
 18955 | Elf:1    | Entered Level 1 of the Elven Halls
 19131 | Orc:2    | Reached XP level 17. HP: 125/125 MP: 27/27
 19274 | Elf:1    | Found Nyarishra's Jewellery Shop.
 19276 | Elf:1    | Found Voethrank's Antique Weapon Boutique.
 19278 | Elf:1    | Found Sioset's Magic Scroll Shop.
 19295 | Elf:1    | Bought the amulet of Vitality {RegenMP++ Regen++} for 1400
                  | gold pieces
 19295 | Elf:1    | Found the amulet of Vitality {RegenMP++ Regen++}
 19570 | Elf:1    | Reached skill level 10 in Armour
 19724 | Elf:1    | Identified the staff of Dim Light {^Fragile Fly rElec Will+
                  | Conj}
 20261 | Abyss:3  | Cast into level 3 of the Abyss (+1 dire flail of
                  | distortion)
 20264 | Abyss:3  | Noticed a bone dragon
 20283 | Abyss:3  | Killed a bone dragon
 20317 | Abyss:3  | Noticed a profane servitor
 20361 | Abyss:3  | Killed a profane servitor
 20407 | Abyss:3  | Noticed a tentacled starspawn
 20432 | Abyss:3  | Killed a tentacled starspawn
 20451 | Abyss:3  | Noticed a tentacled starspawn
 20460 | Abyss:3  | Killed a tentacled starspawn
 20528 | Elf:2    | Escaped the Abyss
 20547 | Elf:2    | Reached skill level 15 in Fighting
 20627 | Abyss:3  | Cast into level 3 of the Abyss (+4 glaive of distortion)
 20697 | Abyss:3  | Gained mutation: Your body sometimes deteriorates upon
                  | taking damage. [a neqoxec]
 20821 | Abyss:3  | Reached XP level 18. HP: 95/132 MP: 28/28
 20862 | Abyss:3  | Noticed a bone dragon
 20867 | Abyss:3  | Noticed an Executioner
 20894 | Abyss:3  | Killed a bone dragon
 20908 | Abyss:3  | Killed an Executioner
 20910 | Elf:2    | Escaped the Abyss
 21066 | Elf:2    | Found an ancient bone altar of Kikubaaqudgha.
 21179 | Elf:2    | Found a runed translucent gate.
 21179 | Elf:2    | Found a runed translucent gate.
 21183 | Elf:2    | Found a runed translucent gate.
 22027 | Snake:1  | Entered Level 1 of the Snake Pit
 23069 | Snake:1  | Noticed Roxanne
 23115 | Snake:1  | Killed Roxanne
 24032 | Snake:2  | Reached XP level 19. HP: 112/139 MP: 29/29
 24287 | Snake:2  | Reached skill level 15 in Throwing
 24564 | Snake:2  | Noticed Vashnia
 24658 | Snake:2  | Killed Vashnia
 24744 | Snake:2  | Reached skill level 10 in Dodging
 25356 | Snake:3  | Found Elad's Antique Armour Shop.
 25358 | Snake:3  | Found Ecvesif's Distillery.
 25358 | Snake:3  | Found Usos's Jewellery Boutique.
 25361 | Snake:3  | Found Avodoica's Weapon Boutique.
 25392 | Snake:3  | Bought a potion of invisibility for 152 gold pieces
 25392 | Snake:3  | Bought a potion of might for 76 gold pieces
 25826 | Snake:4  | Entered Level 4 of the Snake Pit
 26369 | Snake:4  | Found Faty's Jewellery Emporium.
 26372 | Snake:4  | Found Ceattex's Book Shop.
 26373 | Snake:4  | Found Baacwer's Jewellery Emporium.
 26454 | Snake:4  | Identified a scroll of acquirement
 26455 | Snake:4  | Acquired a manual of Invocations
 26486 | Snake:4  | Reached XP level 20. HP: 150/150 MP: 30/30
 26733 | Snake:4  | Got a serpentine rune of Zot
 26926 | Shoals:1 | Entered Level 1 of the Shoals
 27015 | Shoals:1 | Noticed Kirke
 27030 | Shoals:1 | Killed Kirke
 27604 | Shoals:2 | Noticed Polyphemus
 27663 | Shoals:2 | Killed Polyphemus
 27715 | Shoals:2 | Found Neskyidi's Antique Weapon Emporium.
 28229 | Shoals:3 | Found Ruc Tat's Visitors' Centre.
 28257 | Shoals:3 | Found Ruc Tat's Merfolk Armours.
 28263 | Shoals:3 | Found Ruc Tat's Merfolk Weapons.
 28263 | Shoals:3 | Found Ruc Tat's Merfolk Magic.
 28290 | Shoals:3 | Bought 2 throwing nets for 102 gold pieces
 28290 | Shoals:3 | Bought a throwing net for 51 gold pieces
 28290 | Shoals:3 | Bought a throwing net for 51 gold pieces
 28360 | Shoals:3 | Found Qoppu Cih's Vocational Training.
 28483 | Shoals:4 | Entered Level 4 of the Shoals
 28728 | Shoals:4 | Found George's Dragon-Slaying Spoils.
 28789 | Shoals:4 | Reached XP level 21. HP: 157/157 MP: 31/31
 28794 | Shoals:4 | Identified the +6 orcbow "Qoison" {freeze, *Slow rF+ rN+}
 28884 | Shoals:4 | Got a barnacled rune of Zot
 29077 | Shoals:4 | Noticed Bai Suzhen
 29093 | Shoals:4 | Killed Bai Suzhen
 29118 | Shoals:4 | Reached skill level 1 in Stealth
 29176 | Shoals:4 | Found the +9 sword of Power {lifebolt}
 29452 | D:15     | Entered Level 15 of the Dungeon
 29515 | D:15     | Found an iron altar of Okawaru.
 29800 | D:15     | Reached skill level 15 in Invocations
 29823 | D:15     | Found a staircase to the Depths.
 30366 | Depths:1 | Entered Level 1 of the Depths
 30572 | Depths:1 | Found Iteadeunn's Demolitions Depot.
 30615 | Depths:1 | Found a one-way gateway to a ziggurat.
 30892 | Depths:1 | Found a gateway to Hell.
 31044 | Depths:1 | Found a broken altar of Ashenzari.
 31141 | Depths:1 | Reached skill level 5 in Stealth
 31354 | Depths:2 | Reached skill level 15 in Armour
 31366 | Depths:2 | Found a one-way gate to the infinite horrors of the Abyss.
 31394 | Depths:2 | Reached XP level 22. HP: 152/165 MP: 34/34
 31394 | Depths:2 | Found Daz Menunei's Weapon Shoppe.
 32120 | Depths:2 | Found a glowing silver altar of Zin.
 32351 | Depths:3 | Found a stormy altar of Qazlal.
 32955 | Depths:3 | Noticed a caustic shrike
 32961 | Depths:3 | Killed a caustic shrike
 32998 | Depths:3 | Noticed a juggernaut
 33005 | Depths:3 | Killed a juggernaut
 33012 | Depths:3 | Reached XP level 23. HP: 141/172 MP: 35/35
 33482 | Depths:4 | Entered Level 4 of the Depths
 33717 | Depths:4 | Identified the +1 leather armour "Maikhaom" {*Corrode
                  | +Blink Slay+3}
 34511 | Depths:4 | Found a gate to the Realm of Zot.
 34538 | Depths:4 | Noticed Xtahua
 34549 | Depths:4 | Killed Xtahua
 34756 | Vaults:1 | Entered Level 1 of the Vaults
 34855 | Vaults:1 | Found Oniusi's Book Shoppe.
 34916 | Vaults:1 | Found Ogaxobresyi's Antique Weapon Boutique.
 34994 | Vaults:1 | Found a transporter.
 35000 | Vaults:1 | Found Sistrint's Antique Weapon Emporium.
 35002 | Vaults:1 | Found a transporter.
 35016 | Vaults:1 | Bought an iridescent lajatang for 620 gold pieces
 35016 | Vaults:1 | Identified the +7 lajatang "Doam Ontu" {speed, rF+ Dex-3
                  | SInv} (You bought it in a shop on level 1 of the Vaults)
 35034 | Vaults:1 | Noticed Donald
 35054 | Vaults:1 | Killed Donald
 35310 | Vaults:1 | Found Xokhlys's Jewellery Shop.
 35368 | Vaults:1 | Reached skill level 10 in Stealth
 36430 | Vaults:2 | Reached XP level 24. HP: 181/181 MP: 36/36
 36886 | Vaults:2 | Found a staircase to the Crypt.
 38324 | Vaults:3 | Found Gamasenk's Weapon Shop.
 38342 | Vaults:3 | Bought a throwing net for 69 gold pieces
 39254 | Vaults:4 | Reached XP level 25. HP: 174/190 MP: 37/37
 39502 | Crypt:1  | Entered Level 1 of the Crypt
 39600 | Crypt:1  | Reached skill level 1 in Shapeshifting
 40019 | Crypt:1  | Learned a level 1 spell: Apportation
 40022 | Crypt:1  | Learned a level 2 spell: Lesser Beckoning
 40026 | Crypt:1  | Learned a level 3 spell: Fugue of the Fallen
 40929 | Crypt:3  | Entered Level 3 of the Crypt
 41014 | Crypt:3  | Found an ancient bone altar of Kikubaaqudgha.
 41169 | Crypt:3  | Identified the +7 longbow of Demand {freeze, rElec rC-
                  | Dex+3}
 41189 | Crypt:3  | Reached skill level 5 in Shapeshifting
 41293 | Crypt:3  | Found a staircase to the Tomb.
 41293 | Crypt:3  | Noticed Khufu
 41298 | Crypt:3  | Got an ivory gem with 222 turns to spare
 41321 | Crypt:3  | Killed Khufu
 41322 | Crypt:3  | Reached skill level 15 in Stealth
 41399 | Crypt:3  | Identified the +5 rapier of Temperance {freeze, *Rage
                  | Str+7}
 41400 | Crypt:3  | Identified the staff "Oxiulla" {rN+ Necro Air}
 41550 | Crypt:3  | Reached XP level 26. HP: 198/198 MP: 37/37
 41576 | Crypt:3  | Identified the +0 short sword of the Mosquito {drain, rElec
                  | rN+ SInv}
 41703 | Crypt:3  | Identified the staff of Bread {rPois rF+ rC- Dex+9 Stlth+
                  | Fire}
 41798 | Crypt:3  | Identified the +1 chain mail "Gaytoesk" {+Inv Regen+ Int+2}
 42434 | Elf:3    | Entered Level 3 of the Elven Halls
 42525 | Elf:3    | Noticed Nikola
 42540 | Elf:3    | Killed Nikola
 42556 | Elf:3    | Found a runed translucent gate.
 42556 | Elf:3    | Noticed ripuliukko's ghost (adept GrEE)
 42599 | Elf:3    | Identified the +2 hand axe of Resourcefulness {freeze,
                  | Int+2}
 42640 | Elf:3    | Noticed Boris
 42650 | Elf:3    | Killed Boris
 42895 | Elf:3    | Found a runed translucent gate.
 42896 | Elf:3    | Found a runed translucent gate.
 42915 | Elf:3    | Killed ripuliukko's ghost
 43027 | Elf:3    | Identified the +5 ring mail of Makhleb's Vengeance {Str+4}
 43443 | Elf:3    | Identified the +5 trident "Beep" {drain, SInv}
 43464 | Elf:3    | Identified the staff of Instant Death {rF++ Earth}
 43511 | Elf:3    | Reached skill level 10 in Shapeshifting
 43548 | Elf:3    | Identified the amulet "Syefe" {rPois Regen+}
 43695 | Elf:3    | Identified the +4 halberd of Delicate Action {elec, Str+5
                  | Int+4}
 43713 | Elf:3    | Identified the +6 sling "Nuagomac" {flame, rCorr}
 43726 | Elf:3    | Identified the +7 shortbow "Gaovep" {drain, rPois Str+3
                  | Stlth+}
 43728 | Elf:3    | Identified the staff of the Bouncing Olives {^Drain rElec
                  | rF++ rN+++ Int+3 Air}
 43755 | Elf:3    | Identified the +2 plate armour "Zimerego" {Str+3}
 44167 | Slime:1  | Entered Level 1 of the Pits of Slime
 44333 | Slime:1  | Gained mutation: You occasionally lose the ability to drink
                  | potions when taking damage. [a shining eye]
 44497 | Slime:3  | Gained mutation: You sometimes lose the ability to drink
                  | potions when taking damage. [a shining eye]
 44558 | Slime:3  | Lost mutation: Your body sometimes deteriorates upon taking
                  | damage. [potion of mutation]
 44558 | Slime:3  | Lost mutation: You sometimes lose the ability to drink
                  | potions when taking damage. [potion of mutation]
 44558 | Slime:3  | Gained mutation: You are partially covered in large bone
                  | plates. (SH +4) [potion of mutation]
 44558 | Slime:3  | Gained mutation: Your mind is acute. (Int +4, Str/Dex -1)
                  | [potion of mutation]
 44558 | Slime:3  | Gained mutation: You passively map a small area around you.
                  | [potion of mutation]
 44574 | Slime:5  | Entered Level 5 of the Pits of Slime
 44670 | Slime:5  | Reached XP level 27. HP: 188/207 MP: 37/37
 44696 | Slime:5  | Noticed the Royal Jelly
 44749 | Slime:5  | Killed the Royal Jelly
 44949 | Slime:5  | Identified the amulet "Paolup" {-Cast rElec rPois Regen+
                  | rCorr}
 44987 | Slime:5  | Got the Monograph on Gritty Iniquitous Liturgies
 44999 | Slime:5  | Identified the ring "Hiudog Qiri" {Dex+4 SInv}
 45006 | Slime:5  | Identified the ring "Ugetam" {rPois rC+ Str+3 Dex-5}
 45012 | Slime:5  | Got a slimy rune of Zot
 45014 | Slime:5  | Got the Monograph on Peregrination and the Flock
 45015 | Slime:5  | Identified the +8 arbalest of Joestadd {drain, ^Contam
                  | +Blink Str+4}
 45027 | Slime:5  | Identified the +4 demon whip of Starshine {flame, rC+
                  | rCorr}
 45041 | Slime:5  | Identified the -2 kite shield "Lexogin" {rC+}
 45091 | Slime:5  | Identified the +0 sling of the Everdark {freeze, rN+ SInv}
 45748 | Hell     | Entered the Vestibule of Hell
 45750 | Hell     | Noticed Geryon
 45776 | Hell     | Noticed Murray
 45785 | Hell     | Killed Geryon
 45796 | Hell     | Killed Murray
 46052 | Hell     | Found a gateway to the Iron City of Dis.
 46247 | Hell     | Found a gateway to the freezing wastes of Cocytus.
 46348 | Hell     | Found a gateway to the decaying netherworld of Tartarus.
 46378 | Hell     | Found a gateway to the ashen valley of Gehenna.
 46519 | Depths:2 | Voluntarily entered the Abyss.
 46519 | Abyss:3  | Found a corrupted altar of Lugonu.
 46818 | Abyss:3  | Noticed a dread lich
 46827 | Abyss:3  | Killed a dread lich
 46935 | Abyss:3  | Reached skill level 15 in Shapeshifting
 47266 | Abyss:3  | Lost mutation: Your mind is acute. (Int +4, Str/Dex -1) [a
                  | neqoxec]
 47441 | Abyss:3  | Got an abyssal rune of Zot
 47742 | Abyss:3  | Noticed a dread lich
 47754 | Abyss:3  | Killed a dread lich
 47829 | Abyss:4  | Found a corrupted altar of Lugonu.
 47867 | Depths:2 | Escaped the Abyss
 48051 | Vaults:5 | Entered Level 5 of the Vaults
 48051 | Vaults:5 | Found the +5 Storm Queen's Shield {shock, Fly rElec}
 48059 | Vaults:5 | Identified the +2 pair of gloves of Slimy Beauty {rC+
                  | Int+5}
 48088 | Vaults:5 | Got the Precepts of Metamorphic Voltage
 48097 | Vaults:5 | Identified the amulet "Foffilez" {Reflect Str+4 Int-3 SH+5}
 48111 | Vaults:5 | Identified the +0 leather armour of Benoth {-Cast Fly rPois
                  | rCorr}
 48141 | Vaults:5 | Noticed Boris
 48149 | Vaults:5 | Killed Boris
 48416 | Vaults:5 | Identified the scarf "Pygogh" {rC+ rF+, Dex+4 SInv Stlth+}
 48431 | Vaults:5 | Identified the +0 pair of boots "Peesicom" {rF++ rN+ Int-5
                  | SInv}
 48450 | Vaults:5 | Identified the +2 dire flail "Mouwk" {vamp, Int+3}
 48615 | Vaults:5 | Got a silver rune of Zot
 48616 | Vaults:5 | Identified the ring of Gapaadur {rF- rC+ Dex+3}
 48968 | Vaults:5 | Identified the ring of Lesih {Fire ^Drain rElec Str+9
                  | Int-3}
 49397 | Vaults:5 | Got Cecroygg's Almanac of Fascination
 49495 | Vaults:5 | Learned a level 4 spell: Dimensional Bullseye
 49642 | Vaults:5 | Identified the +2 morningstar "Keput" {speed, rPois rF+
                  | Int-3 Dex+3}
 50083 | Snake:4  | Bought a manual of Stealth for 1440 gold pieces
 50234 | Shoals:3 | Bought a manual of Invocations for 1360 gold pieces
 51516 | Tar:1    | Entered Level 1 of Tartarus
 51960 | Tar:2    | Found a huge runed translucent gate.
 51960 | Tar:2    | Found a huge runed translucent gate.
 51960 | Tar:2    | Found a huge runed translucent gate.
 51960 | Tar:2    | Found a huge runed translucent gate.
 51960 | Tar:2    | Found a huge runed translucent gate.
 51960 | Tar:2    | Found a huge runed translucent gate.
 51960 | Tar:2    | Found a huge runed translucent gate.
 51960 | Tar:2    | Found a huge runed translucent gate.
 51960 | Tar:2    | Found a huge runed translucent gate.
 51961 | Tar:2    | Found a huge runed translucent gate.
 51962 | Tar:2    | Found a huge runed translucent gate.
 51962 | Tar:2    | Found a huge runed translucent gate.
 51964 | Tar:2    | Found a huge runed translucent gate.
 51964 | Tar:2    | Found a huge runed translucent gate.
 51966 | Tar:2    | Found a huge runed translucent gate.
 51966 | Tar:2    | Found a huge runed translucent gate.
 51966 | Tar:2    | Noticed an ancient lich
 51966 | Tar:2    | Noticed a dread lich
 51967 | Tar:2    | Found a huge runed translucent gate.
 51967 | Tar:2    | Found a huge runed translucent gate.
 51968 | Tar:2    | Found a huge runed translucent gate.
 51968 | Tar:2    | Found a huge runed translucent gate.
 51969 | Tar:2    | Found a huge runed translucent gate.
 51969 | Tar:2    | Found a huge runed translucent gate.
 51973 | Tar:2    | Found a huge runed translucent gate.
 51974 | Tar:2    | Found a huge runed translucent gate.
 51975 | Tar:2    | Found a huge runed translucent gate.
 51975 | Tar:2    | Found a huge runed translucent gate.
 51975 | Tar:2    | Found a huge runed translucent gate.
 51975 | Tar:2    | Found a huge runed translucent gate.
 51975 | Tar:2    | Found a huge runed translucent gate.
 51975 | Tar:2    | Found a huge runed translucent gate.
 51975 | Tar:2    | Found a huge runed translucent gate.
 51983 | Tar:2    | Found a huge runed translucent gate.
 51984 | Tar:2    | Found a huge runed translucent gate.
 51985 | Tar:2    | Found a huge runed translucent gate.
 51985 | Tar:2    | Found a huge runed translucent gate.
 51985 | Tar:2    | Found a huge runed translucent gate.
 53181 | Tar:7    | Entered Level 7 of Tartarus
 53313 | Tar:7    | Noticed a dread lich
 53320 | Tar:7    | Killed a dread lich
 53451 | Tar:7    | Identified the ring of the Several Stories {rF+ Int-5 Dex+6
                  | Slay+3 SInv}
 53454 | Tar:7    | Identified the +9 sling "Wecwucon" {heavy, ^Contam Str+4
                  | Dex+5}
 53620 | Tar:7    | Identified the +5 whip "Beetlebane" {drain, rElec rF- rC+
                  | Dex+2}
 53815 | Tar:7    | Identified the ring "Apyan" {rElec rF+ rC+ Int-2}
 53868 | Tar:7    | Identified the +5 morningstar of Righteous Anger {drain,
                  | rPois Will- Stlth+}
 54012 | Tar:7    | Noticed a dread lich
 54019 | Tar:7    | Killed a dread lich
 54059 | Tar:7    | Identified the +3 cloak of Cocytus {rF++ Will+ MP-9 Int+3}
 54329 | Tar:7    | Noticed Ereshkigal
 54346 | Tar:7    | Killed Ereshkigal
 54368 | Tar:7    | Got a bone rune of Zot
 54591 | Geh:1    | Entered Level 1 of Gehenna
 55444 | Geh:7    | Entered Level 7 of Gehenna
 55884 | Geh:7    | Identified the +2 leather armour of Immorality {rPois rN+}
 56034 | Geh:7    | Identified the amulet "Tewewall" {Faith rF+ rN+}
 56192 | Geh:7    | Found the +13 sceptre of Asmodeus
 56192 | Geh:7    | Noticed Asmodeus
 56221 | Geh:7    | Killed Asmodeus
 56305 | Geh:7    | Got an obsidian rune of Zot
 56309 | Geh:7    | Identified the +1 mace of Rubbish {flame, Dex+4}
 56472 | Dis:1    | Entered Level 1 of the Iron City of Dis
 56949 | Dis:2    | Noticed a dread lich
 56949 | Dis:2    | Noticed an ancient lich
 56949 | Dis:2    | Noticed a dread lich
 56965 | Dis:2    | Noticed an ancient lich
 56971 | Dis:2    | Killed a dread lich
 56973 | Dis:2    | Noticed a dread lich
 56974 | Dis:2    | Noticed a dread lich
 56976 | Dis:2    | Noticed an ancient lich
 56979 | Dis:2    | Killed an ancient lich
 56983 | Dis:2    | Killed an ancient lich
 56987 | Dis:2    | Killed a dread lich
 56994 | Dis:2    | Noticed an ancient lich
 56995 | Dis:2    | Killed an ancient lich
 57003 | Dis:2    | Killed a dread lich
 57006 | Dis:2    | Noticed a dread lich
 57010 | Dis:2    | Killed a dread lich
 57019 | Dis:2    | Killed an ancient lich
 57020 | Dis:2    | Reached skill level 15 in Dodging
 57032 | Dis:2    | Killed a dread lich
 57360 | Dis:4    | Reached skill level 27 in Invocations
 58073 | Dis:7    | Entered Level 7 of the Iron City of Dis
 58755 | Dis:7    | Noticed a juggernaut
 58770 | Dis:7    | Killed a juggernaut
 58845 | Dis:7    | Identified the +12 rapier "Sarcophage" {antimagic, Fly rC-
                  | Int+2}
 58848 | Dis:7    | Identified the +1 shortbow "Ymouwkaf" {freeze, rF+ rN+
                  | Str+3 Dex-3}
 59042 | Dis:7    | Noticed a dread lich
 59049 | Dis:7    | Killed a dread lich
 59185 | Dis:7    | Noticed a juggernaut
 59196 | Dis:7    | Killed a juggernaut
 59441 | Dis:7    | Noticed the Serpent of Hell
 59476 | Dis:7    | Killed the Serpent of Hell
 59840 | Dis:7    | Noticed a juggernaut
 59847 | Dis:7    | Noticed Dispater
 59856 | Dis:7    | Killed a juggernaut
 59881 | Dis:7    | Killed Dispater
 59990 | Dis:7    | Found the +5 glaive of the Guard {elec, spectral}
 59999 | Dis:7    | Got an iron rune of Zot
 60214 | Coc:1    | Entered Level 1 of Cocytus
 60591 | Coc:4    | Noticed a shard shrike
 60592 | Coc:4    | Noticed a shard shrike
 60594 | Coc:4    | Noticed a shard shrike
 60594 | Coc:4    | Noticed a shard shrike
 60608 | Coc:4    | Killed a shard shrike
 60617 | Coc:4    | Killed a shard shrike
 60625 | Coc:4    | Killed a shard shrike
 60629 | Coc:4    | Killed a shard shrike
 60909 | Coc:6    | Noticed a shard shrike
 60914 | Coc:6    | Killed a shard shrike
 60958 | Coc:6    | Noticed a shard shrike
 60959 | Coc:6    | Noticed a shard shrike
 60970 | Coc:6    | Noticed a shard shrike
 60978 | Coc:6    | Killed a shard shrike
 60989 | Coc:6    | Killed a shard shrike
 61030 | Coc:6    | Noticed a shard shrike
 61041 | Coc:6    | Killed a shard shrike
 61042 | Coc:6    | Killed a shard shrike
 61043 | Coc:6    | Noticed a shard shrike
 61043 | Coc:6    | Noticed a shard shrike
 61044 | Coc:6    | Noticed a shard shrike
 61050 | Coc:6    | Killed a shard shrike
 61054 | Coc:6    | Killed a shard shrike
 61059 | Coc:6    | Killed a shard shrike
 61114 | Coc:6    | Noticed a shard shrike
 61127 | Coc:6    | Killed a shard shrike
 61153 | Coc:6    | Noticed a shard shrike
 61153 | Coc:6    | Noticed a shard shrike
 61153 | Coc:6    | Noticed a shard shrike
 61157 | Coc:6    | Killed a shard shrike
 61161 | Coc:6    | Killed a shard shrike
 61165 | Coc:6    | Killed a shard shrike
 61247 | Coc:7    | Entered Level 7 of Cocytus
 61460 | Coc:7    | Noticed a shard shrike
 61462 | Coc:7    | Noticed a shard shrike
 61466 | Coc:7    | Killed a shard shrike
 61478 | Coc:7    | Killed a shard shrike
 61510 | Coc:7    | Noticed a shard shrike
 61519 | Coc:7    | Killed a shard shrike
 61550 | Coc:7    | Noticed a shard shrike
 61554 | Coc:7    | Killed a shard shrike
 61589 | Coc:7    | Noticed a shard shrike
 61594 | Coc:7    | Killed a shard shrike
 61643 | Coc:7    | Reached skill level 27 in Fighting
 61749 | Coc:7    | Noticed Antaeus
 61778 | Coc:7    | Killed Antaeus
 61838 | Coc:7    | Got an icy rune of Zot
 61847 | Coc:7    | Identified the amulet of Duityel {Reflect *Slow +Blink
                  | rF+++ Will+ SH+5}
 62229 | Pan      | Entered Pandemonium
 62341 | Pan      | Found an exit through the horrors of the Abyss.
 62668 | Pan      | Noticed Haogy the pandemonium lord
 62716 | Pan      | Killed Haogy the pandemonium lord
 62990 | Pan      | Noticed Qire the pandemonium lord
 63001 | Pan      | Killed Qire the pandemonium lord
 63379 | Pan      | Noticed Godeg the pandemonium lord
 63395 | Pan      | Killed Godeg the pandemonium lord
 63491 | Pan      | Got a demonic rune of Zot
 63590 | Abyss:5  | Cast into level 5 of the Abyss (unwielding a weapon of
                  | distortion)
 63606 | Pan      | Escaped the Abyss
 63639 | Pan      | Noticed Wasoetao the pandemonium lord
 63660 | Pan      | Killed Wasoetao the pandemonium lord
 63675 | Pan      | Reached skill level 27 in Throwing
 63823 | Pan      | Identified the +0 chain mail of the Marlin {Rampage rCorr
                  | Str+3}
 64197 | Pan      | Entered the realm of Gloorx Vloq.
 64333 | Pan      | Noticed Gloorx Vloq
 64351 | Pan      | Killed Gloorx Vloq
 64446 | Pan      | Got a dark rune of Zot
 64586 | Pan      | Found an exit through the horrors of the Abyss.
 64592 | Pan      | Took an exit into the Abyss.
 64592 | Abyss:5  | Escaped into the Abyss
 64734 | Depths:2 | Escaped the Abyss
 65010 | D:12     | You paid a toll of 5 potions of resistance to enter a
                  | treasure trove
 65011 | Trove    | Entered a treasure trove
 65011 | Trove    | Found the +3 crown of Dyrovepreva {rElec Int+2 SInv}
 65013 | Trove    | Identified the amulet "Packichisk" {RegenMP ^Drain +Inv
                  | Str+2 Int+3}
 65016 | Trove    | Identified the amulet of the Thirteen Hosts {Acrobat +Inv
                  | rC+ Will+}
 65019 | Trove    | Identified the amulet "Hyzisam" {Acrobat rF++ Will+ Regen+}
 65021 | Trove    | Identified the +0 buckler of Disappointment {Dex+4}
 65024 | Trove    | Identified the -1 hat of Skepticism {Rampage}
 65033 | Trove    | Identified the ring "Bafee" {Wiz Str+3}
 65044 | Trove    | Identified the ring "Etsemof" {rElec rC+}
 65050 | Trove    | Identified the ring "Qoucir" {Fly rF+ Int+3}
 65062 | Trove    | Identified the ring of Jautwuyc {*Slow rElec MP+9 Dex+3}
 65066 | Trove    | Identified the ring "Zuclaapu" {rPois Will++ MP+9 Str-5}
 65866 | Pan      | Entered the realm of Cerebov.
 65866 | Pan      | Entered Pandemonium
 65974 | Pan      | Identified the staff "Toazicesch" {rC+ Dex+2 Stlth+ Ice}
 65979 | Pan      | Identified the +12 mace of the Lair of Beasts {drain, Fly
                  | Will- Str+2 Int+2}
 66056 | Pan      | Identified the +0 spear "Dono" {distort, rPois rF+++ Will-
                  | Dex+3}
 66078 | Pan      | Identified the +5 broad axe "Ileet" {flame, ^Drain rF+++
                  | Dex+3 Stlth+}
 66085 | Pan      | Identified the +4 hand axe of Dung {flame, rC+ Will+ rCorr
                  | Int+3}
 66114 | Pan      | Found the +6 sword of Cerebov {flame}
 66114 | Pan      | Noticed Cerebov
 66137 | Pan      | Killed Cerebov
 66168 | Pan      | Got a fiery rune of Zot
 66216 | Pan      | Acquired 971 gold pieces
 66253 | Pan      | Noticed Goilux the pandemonium lord
 66272 | Pan      | Killed Goilux the pandemonium lord
 66333 | Pan      | Identified the +5 rapier of Execution {drain, *Slow Int+7
                  | Stlth+}
 66366 | Pan      | Found an exit through the horrors of the Abyss.
 66655 | Pan      | Identified the +2 scale mail of Nofymar {-Tele Rampage
                  | Will++ Slay+3}
 66764 | Pan      | Noticed a seraph
 66775 | Pan      | Identified the +1 buckler of Quantum Leap {rPois Regen+
                  | MP+9}
 66783 | Pan      | Killed a seraph
 66802 | Pan      | Found a glowing golden altar of the Shining One.
 66815 | Pan      | Identified the amulet "Fofuwnoett" {Faith rF+}
 66844 | Pan      | Identified the +10 dire flail of Courage {holy, rC+ Int+3}
 66895 | Pan      | Identified the +0 ring mail of the Fife {rC+}
 67278 | Pan      | Found a white marble altar of Elyvilon.
 67391 | Pan      | Found a glowing silver altar of Zin.
 68265 | Pan      | Entered the realm of Mnoleg.
 68281 | Pan      | Found an exit through the horrors of the Abyss.
 68490 | Pan      | Reached skill level 27 in Shields
 68528 | Pan      | Noticed Mnoleg
 68540 | Pan      | Killed Mnoleg
 68595 | Pan      | Got a glowing rune of Zot
 68740 | Pan      | Reached skill level 27 in Armour
 68762 | Pan      | Noticed Pumnekle the pandemonium lord
 68774 | Pan      | Killed Pumnekle the pandemonium lord
 68859 | Pan      | Entered the realm of Lom Lobon.
 68931 | Pan      | Learned a level 4 spell: Manifold Assault
 68936 | Pan      | Learned a level 4 spell: Passage of Golubria
 68987 | Pan      | Reached skill level 1 in Spellcasting
 69002 | Pan      | Reached skill level 1 in Translocations
 69048 | Pan      | Noticed Lom Lobon
 69077 | Pan      | Killed Lom Lobon
 69117 | Pan      | Identified the orb of the Land of Plenty {guile, rC- Int+2
                  | Necro}
 69143 | Pan      | Got a magical rune of Zot
 69236 | Pan      | Noticed Tipyrra the pandemonium lord
 69273 | Pan      | Killed Tipyrra the pandemonium lord
 69346 | Depths:2 | Escaped Pandemonium
 69644 | Tomb:1   | Entered Level 1 of the Tomb of the Ancients
 69830 | Tomb:1   | Noticed a royal mummy
 69839 | Tomb:1   | Killed a royal mummy
 69850 | Tomb:2   | Noticed a royal mummy
 69850 | Tomb:2   | Noticed a royal mummy
 69855 | Tomb:2   | Noticed a royal mummy
 69882 | Tomb:2   | Killed a royal mummy
 69885 | Tomb:2   | Noticed a royal mummy
 69902 | Tomb:2   | Killed a royal mummy
 69908 | Tomb:2   | Killed a royal mummy
 69920 | Tomb:2   | Killed a royal mummy
 69970 | Tomb:1   | Noticed a royal mummy
 69970 | Tomb:1   | Noticed a royal mummy
 69984 | Tomb:1   | Reached skill level 5 in Spellcasting
 69987 | Tomb:1   | Killed a royal mummy
 69991 | Tomb:1   | Killed a royal mummy
 70010 | Tomb:1   | Noticed a royal mummy
 70011 | Tomb:1   | Noticed a royal mummy
 70027 | Tomb:1   | Killed a royal mummy
 70035 | Tomb:1   | Killed a royal mummy
 70084 | Tomb:1   | Noticed a royal mummy
 70094 | Tomb:1   | Killed a royal mummy
 70095 | Tomb:1   | Reached skill level 5 in Translocations
 70116 | Tomb:1   | Noticed a royal mummy
 70121 | Tomb:1   | Noticed a royal mummy
 70130 | Tomb:1   | Killed a royal mummy
 70143 | Tomb:1   | Killed a royal mummy
 70149 | Tomb:1   | Noticed a royal mummy
 70149 | Tomb:1   | Noticed a royal mummy
 70149 | Tomb:1   | Noticed a royal mummy
 70149 | Tomb:1   | Noticed a royal mummy
 70161 | Tomb:1   | Killed a royal mummy
 70176 | Tomb:1   | Noticed a royal mummy
 70185 | Tomb:1   | Killed a royal mummy
 70191 | Tomb:1   | Killed a royal mummy
 70200 | Tomb:1   | Killed a royal mummy
 70207 | Tomb:1   | Killed a royal mummy
 70344 | Tomb:3   | Entered Level 3 of the Tomb of the Ancients
 70375 | Tomb:3   | Noticed a royal mummy
 70375 | Tomb:3   | Noticed a royal mummy
 70376 | Tomb:3   | Noticed a royal mummy
 70376 | Tomb:3   | Noticed a royal mummy
 70377 | Tomb:3   | Noticed a royal mummy
 70378 | Tomb:3   | Noticed a royal mummy
 70384 | Tomb:3   | Noticed a royal mummy
 70384 | Tomb:3   | Noticed a royal mummy
 70385 | Tomb:3   | Noticed a royal mummy
 70386 | Tomb:3   | Killed a royal mummy
 70386 | Tomb:3   | Killed a royal mummy
 70386 | Tomb:3   | Killed a royal mummy
 70387 | Tomb:3   | Killed a royal mummy
 70389 | Tomb:3   | Killed a royal mummy
 70392 | Tomb:3   | Killed a royal mummy
 70392 | Tomb:3   | Killed a royal mummy
 70394 | Tomb:3   | Killed a royal mummy
 70397 | Tomb:3   | Killed a royal mummy
 70452 | Tomb:3   | Identified the amulet of the Bespelling Gods {Spirit rN+}
 70456 | Tomb:3   | Identified the amulet "Cyqi" {Spirit rF+ rN+ rCorr Stlth+}
 70526 | Tomb:3   | Identified the +5 ring mail of Saditt {rF+ rC+ Regen+}
 70580 | Tomb:3   | Found the +7 sceptre of Torment {pain, torment}
 70590 | Tomb:3   | Identified the +1 pair of gloves of the Alphagorgon {Will+}
 70593 | Tomb:3   | Identified the ring "Xidghe" {rPois rC+ Int+2}
 70679 | Tomb:3   | Identified the +1 flail of Cevik {venom, rElec}
 70768 | Tomb:3   | Got a sanguine gem with 857 turns to spare
 70771 | Tomb:3   | Got a golden rune of Zot
 71286 | Zot:1    | Entered Level 1 of the Realm of Zot
 71530 | Zot:3    | Found a transporter.
 71648 | Zot:5    | Entered Level 5 of the Realm of Zot
 71726 | Zot:5    | Got a prismatic gem with 666 turns to spare
 71758 | Zot:5    | Noticed an ancient lich
 71771 | Zot:5    | Killed an ancient lich
 71778 | Zot:5    | Noticed an orb of fire
 71785 | Zot:5    | Killed an orb of fire
 71786 | Zot:5    | Reached skill level 10 in Spellcasting
 71791 | Zot:5    | Noticed a Killer Klown
 71804 | Zot:5    | Killed a Killer Klown
 71805 | Zot:5    | Noticed an orb of fire
 71816 | Zot:5    | Killed an orb of fire
 71879 | Zot:5    | Noticed a Killer Klown
 71883 | Zot:5    | Noticed an orb of fire
 71887 | Zot:5    | Noticed an orb of fire
 71891 | Zot:5    | Killed a Killer Klown
 71892 | Zot:5    | Killed an orb of fire
 71895 | Zot:5    | Killed an orb of fire
 71965 | Zot:5    | Got the Orb of Zot
 72023 | Zot:5    | Noticed Talyrgho the pandemonium lord
 72273 | D:10     | Noticed Lonkar the pandemonium lord
 72445 | D:3      | Reached skill level 10 in Translocations
 72535 | D:$      | Escaped with the Orb!

Illustrated notes

Levels and vault maps discovered:
D:1:      nicolae_arrival_memento_mori, layout_basic, kennysheep_minor_cross
D:2:      layout_loops_ring, serial_aquarium, aquarium_bridge_square
          [aquarium_subvault_wall, aquarium_subvault_window,
          aquarium_subvault_bridge, aquarium_subvault_bridge],
          aquarium_bridge_straight [aquarium_subvault_bridge,
          aquarium_subvault_balcony, aquarium_subvault_bridge,
          aquarium_subvault_wall], aquarium_window_1, aquarium_window_2,
          aquarium_window_1, aquarium_view_2e, aquarium_view_2c,
          aquarium_pool_corner, basic_altar
D:3:      layout_rooms, mainiacjoe_overflow_cross_hatched,
          uniq_crazy_yiuf_cottage, uniq_sigmund
D:4:      layout_basic, nicolae_ossuary_entry_monument
D:5:      layout_loops_ring, lightli_sewer_entry_pipes,
          ebering_ghost_reflecting_pool, uniq_eustachio, uniq_menkaure
D:6:      layout_basic, minmay_temple_entry_butterflies
D:7:      layout_loops_ring, gammafunk_temple_overflow_claw, minmay_crystal_room
D:8:      layout_gridville, serial_shops, shop
D:9:      layout_grid_maze, uniq_pikel
D:10:     layout_roguey, serial_bayou_pond_e, nicolae_benzene_ring, st_stairs_1
D:11:     layout_layer_cave, dpeg_lair_monsters, gauntlet_entry_generic
D:12:     layout_roguey, minmay_orc_entry_temple_small, enter_trove_1,
          uniq_josephine
D:13:     layout_long_grid, drop_trap
D:14:     nzn_winding_woodlands_cross [nzn_winding_woodlands_5x15_crooked,
          nzn_winding_woodlands_5x15_default,
          nzn_winding_woodlands_5x15_longhouse,
          nzn_winding_woodlands_5x15_default,
          nzn_winding_woodlands_15x15_thick_spiral], layout_gridville,
          grunt_vaults_entry_fortified, kennysheep_path_1, hangedman_stone_soup,
          chequers_arboretum, kennysheep_small_circle, uniq_jorgrun
D:15:     gammafunk_enter_depths_forms, layout_basic, serial_aquarium,
          aquarium_bridge_long_separate [aquarium_subvault_bridge,
          aquarium_subvault_wall, aquarium_subvault_wall,
          aquarium_subvault_wall, aquarium_subvault_bridge,
          aquarium_subvault_bridge], aquarium_window_2, aquarium_window_1,
          aquarium_window_2, aquarium_window_3, aquarium_view_2f,
          aquarium_view_2e, aquarium_balcony_5b, aquarium_pool_corner,
          okawaru_trees_1, dk_noncrumbling_2
Lair:1:   layout_chaotic_city, uniq_urug
Lair:2:   layout_chaotic_city
Lair:3:   layout_layer_cave, nicolae_shoals_entry_roost, dummy_snake_entry,
          grunt_megastairs_5
Lair:4:   layout_cave_pods, nicolae_volcano_entry_vermiform,
          beast_lair_carwin_10, infiniplex_staircase_pool
Lair:5:   due_jungle_book, layout_misc_corridors,
          nicolae_slime_entry_field_trip, columned_hall_lemuel, minivault_26,
          chequers_serial_rivers_micro_d
Shoals:1: cheibrodos_shoals_satyrical_garden, layout_shoals, uniq_kirke
Shoals:2: layout_shoals, serial_shops, shop, st_sunken_huts, uniq_polyphemus
Shoals:3: nicolae_shoals_mermall, layout_shoals, nicolae_shop_vocational
Shoals:4: shoals_end_grunt_ice, layout_shoals, nicolae_shop_dragon_depot,
          uniq_bai_suzhen
Snake:1:  layout_chambers, uniq_roxanne
Snake:2:  layout_chambers, uniq_vashnia
Snake:3:  layout_onion, minmay_shoptagon, nicolae_integral_box
Snake:4:  snake_pit, layout_grid_shapes, minmay_shop_grove
Slime:1:  layout_caves
Slime:2:  layout_caves
Slime:3:  layout_caves
Slime:4:  layout_caves, nicolae_slime_round_cave
Slime:5:  slime_pit_nicolae_royal_road_to_ruin
Orc:1:    layout_caves, nicolae_orc_bridge_out
Orc:2:    pf_orc_diabolical, layout_diamond_mine, basic_altar
Elf:1:    layout_loops_cross, drop_trap, minmay_shop_star
Elf:2:    elven_hall_of_blades_hangedman_original
          [nicolae_blade_entry_crossed_weapons], layout_geoelf_diagonals,
          basic_altar
Elf:3:    minmay_elf_hall_quartered_circle, layout_geoelf_castle,
          gammafunk_ghost_split, serial_sigils, serial_sigils_hangedman_confine,
          serial_sigils_hangedman_gut, serial_sigils_hangedman_writhe,
          grunt_ministairs_5, uniq_boris, uniq_nikola
Vaults:1: hangedman_vaults_unwind, nicolae_vaults_storage_closets_3,
          hangedman_vaults_impose, hangedman_vaults_slice,
          nicolae_vaults_ninety_degrees, nicolae_vaults_wrenched,
          nicolae_vaults_hexular_roomagon, ontoclasm_vaults_gateway,
          ontoclasm_vaults_loading_screen, nicolae_vaults_storage_closets_2,
          layout_vaults_chaotic_city, serial_shops,
          nicolae_shop_pleasant_corner_grove, shop, nicolae_shop_drivethru,
          nicolae_shop_back_alley_shop, uniq_donald
Vaults:2: nicolae_vaults_network_quinsquares
          [nicolae_vaults_network_quincunx_subvault,
          nicolae_vaults_network_quincunx_subvault,
          nicolae_vaults_network_quincunx_subvault,
          nicolae_vaults_network_quincunx_subvault], blue_anna_dwarven_crypt,
          v_pattern_1, nicolae_vaults_circle_grid_a,
          nicolae_vaults_sealed_display, v_misc_8,
          nicolae_vaults_sesquioval_fish, vaults_dpeg_ring,
          nicolae_vaults_quartermaster, nicolae_vaults_two_Ls,
          layout_vaults_big_cross
Vaults:3: nicolae_vaults_twisting_passages, nicolae_vaults_diamond_2, v_misc_8,
          dpeg_vaults_monster_row, hangedman_vaults_snaps,
          nicolae_vaults_shrinking_rooms_2, v_rooms_6, hangedman_vaults_stagger,
          kennysheep_ogre_elephant_herders, nicolae_vaults_trapezoid_lopsided_1,
          vaults_room_hallway, layout_vaults_omnibox, serial_shops, shop
Vaults:4: nicolae_vaults_ring_of_whatevers, v_misc_22, v_misc_33,
          vaults_standard_mumra_enter_the_diamond, hangedman_vaults_maws,
          nicolae_vaults_network_periphery, grunt_vaults_swirl,
          nicolae_vaults_cornered_office, nicolae_vaults_trapezoid_lopsided_3,
          layout_vaults_maze_snakey
Vaults:5: serial_shops
Crypt:1:  layout_rooms
Crypt:2:  layout_basic
Crypt:3:  grunt_crypt_end_deaths_head
Tomb:1
Tomb:2
Tomb:3
Depths:1: layout_twisted_cross, enter_ziggurat_e, grunt_hell_entry_dis_grunt,
          nicolae_blasting_shop, serial_library_regret_index_double_sided,
          grunt_ministairs_13, evilmike_ruin_ashenzari, firewood_loft,
          serial_bayou_shore_b
Depths:2: dreamdust_isle_of_ice, layout_cave_pools, pan_entry, abyss_entry,
          serial_shops, nicolae_shop_peninsula, hangedman_geh_valley, zin_angel,
          infiniplex_staircase_spiral, grunt_megastairs_1
Depths:3: minmay_sliced_demisemicircle, layout_gridlike, abyss_entry,
          nicolae_qazlal_scattered_showers, hellmouth_3, st_stairs_2
Depths:4: grunt_zot_entry_bicorn, layout_honeycomb, hell_entry, uniq_xtahua
Hell
Dis:1:    layout_jigsaw
Dis:2:    layout_jigsaw, nicolae_hells_leichenhalle
Dis:3:    layout_jigsaw
Dis:4:    layout_overlapping_boxes, nicolae_dis_step_into_the_octagon
Dis:5:    layout_overlapping_boxes, nicolae_hells_fiendish_ambush
Dis:6:    layout_subdivisions
Dis:7:    dis_hangedman
Geh:1:    layout_gehenna_pools_box
Geh:2:    layout_gehenna_pools_basic
Geh:3:    layout_gehenna_lava_caves
Geh:4:    layout_gehenna_pools_basic
Geh:5:    nicolae_geh_split_lavaduct, layout_gehenna_lava_caves
Geh:6:    layout_gehenna_lava_caves, tekkud_geh_sculpture_garden
Geh:7:    geh_grunt_pentagon
Coc:1:    layout_cocytus_delve
Coc:2:    layout_cocytus_delve
Coc:3:    layout_cocytus_delve
Coc:4:    layout_ice_bergs
Coc:5:    layout_cocytus_water_paths
Coc:6:    nicolae_coc_three_mouths, layout_ice_bergs
Coc:7:    coc_old
Tar:1:    layout_catacombs
Tar:2:    layout_catacombs, nicolae_tar_cuneiform_two, door_vault
Tar:3:    layout_grid_maze
Tar:4:    layout_grid_maze, nicolae_hells_hurtin_island
Tar:5:    layout_honeycomb, lemuel_nasty_pond
Tar:6:    layout_grid_maze
Tar:7:    tar_old
Zot:1:    layout_gridville, regret_index_zotdec_stipple_waver
Zot:2:    layout_twisted_circle, regret_index_zotdec_under_construction,
          nicolae_shop_clearance
Zot:3:    gammafunk_its_a_trap, layout_basic
Zot:4:    layout_gridlike, bh_zot_lava_cross, grunt_megastairs_3
Zot:5:    layout_misc_corridors

Skill      XL: |  1  2  3  4  5  6  7  8  9 10 11 12 13 14 15 16 17 18 19 20 21 22 23 24 25 26 27 |
---------------+----------------------------------------------------------------------------------+-----
Staves         | 3 4 5 6 7 9 11 12 13 14 | 14.0
Fighting       | 4 5 6 7 9 10 11 12 13 14 15 16 17 18 19 20 21 27 | 27.0
Invocations    | 2 4 5 7 9 10 11 12 13 14 16 17 19 20 27 | 27.0
Shields        | 8 11 13 14 16 27 | 27.0
Throwing       | 3 6 8 11 13 14 16 17 18 19 20 27 | 27.0
Dodging        | 2 3 5 7 8 9 10 11 12 21 | 21.1
Armour         | 4 5 7 9 10 12 13 14 15 16 17 19 20 21 27 | 27.0
Stealth        | 5 8 10 12 15 26 | 26.5
Shapeshifting  | 6 11 23 | 23.0
Spellcasting   | 10 | 10.0
Translocations | 10 | 10.0

Action                     |  1- 3 |  4- 6 |  7- 9 | 10-12 | 13-15 | 16-18 | 19-21 | 22-24 | 25-27 || total
---------------------------+-------+-------+-------+-------+-------+-------+-------+-------+-------++-------
  Melee: Quarterstaff      |    81 |    85 |   327 |   362 |   823 |  1382 |  1299 |   494 |       ||  4853
         Lajatang          |       |       |       |       |       |       |       |   744 |  6929 ||  7673
  Throw: Dart              |       |       |       |     2 |     8 |       |       |     1 |    69 ||    80
         Boomerang         |       |       |       |       |       |    11 |    43 |    42 |   286 ||   382
         Javelin           |       |       |       |       |       |     4 |     5 |     3 |    66 ||    78
         Throwing net      |       |       |       |       |       |       |     2 |     1 |     8 ||    11
   Cast: Apportation       |       |       |       |       |       |       |       |       |    13 ||    13
         Lesser Beckoning  |       |       |       |       |       |       |       |       |     2 ||     2
 Invoke: Ancestor Identity |       |       |     1 |       |       |       |       |       |       ||     1
         Ancestor Life: He |       |       |     1 |       |       |       |       |       |       ||     1
         Recall Ancestor   |       |       |       |     4 |     1 |    16 |     7 |     3 |    28 ||    59
         Idealise          |       |       |       |     2 |     5 |    10 |     5 |     5 |    44 ||    71
         Transference      |       |       |       |     1 |       |     1 |     1 |     2 |     5 ||    10
Ability: Dig               |       |       |     4 |     7 |     2 |    10 |     3 |     4 |    28 ||    58
         Siphon Essence    |       |       |       |       |       |       |       |       |     6 ||     6
  Evoke: Wand              |       |       |       |       |     1 |       |       |       |    34 ||    35
         Phial of floods   |       |       |       |       |       |       |       |       |     1 ||     1
         Horn of Geryon    |       |       |       |       |       |       |       |       |     1 ||     1
    Use: Potion            |       |     1 |       |     1 |     1 |     2 |     5 |       |    15 ||    25
         Scroll            |       |       |    14 |     4 |     4 |       |     9 |     6 |    36 ||    73
   Stab: Confused          |       |       |     4 |    13 |    23 |    38 |    76 |    62 |   269 ||   485
         Sleeping          |       |       |     1 |       |       |       |       |       |       ||     1
         Paralysed         |       |       |     2 |       |    21 |    81 |   147 |   106 |   233 ||   590
         Distracted        |       |       |       |     1 |    10 |    14 |    16 |    16 |   146 ||   203
         Held in net/web   |       |       |       |       |     2 |     5 |     7 |     1 |    13 ||    28
         Petrifying        |       |       |       |       |     1 |     3 |     3 |       |       ||     7
         Petrified         |       |       |       |       |       |     4 |    13 |       |       ||    17
         Invisible         |       |       |       |       |       |       |     7 |       |    52 ||    59
 Armour: Scale mail        |    57 |       |       |       |       |       |       |       |       ||    57
         Leather armour    |       |    36 |   100 |   192 |   187 |       |       |       |       ||   515
         Chain mail        |       |       |       |       |   114 |   530 |   441 |    24 |       ||  1109
         Crystal plate arm |       |       |       |       |       |       |       |   576 |  2481 ||  3057
  Dodge: Dodged            |    35 |    27 |    94 |    78 |   279 |   470 |   524 |   371 |  1313 ||  3191
  Block: Buckler           |    38 |    37 |   135 |    31 |       |       |       |       |       ||   241
         Reflection        |       |     3 |     5 |       |       |       |       |    33 |     1 ||    42
         Kite shield       |       |       |       |    85 |   424 |   680 |   717 |   613 |  3836 ||  6355
   Form: Death             |       |       |       |       |       |       |       |       |     6 ||     6
                           |       |       |       |       |       |       |       |       |     5 ||     5
